Workbook

Sheet 予測比較
A2: 保存した商談予測と受注結果を比べる | K2: 期間の前提 | L2: 入力の前提
A3: 予測基準日 | B3: 46295 | D3: 対象開始日 | E3: 46296 | G3: 対象終了日 | H3: 46326 | K3: =IF(AND(IF(ISNUMBER(B3),AND(B3>=43831,B3<73051,B3=INT(B3)),FALSE()),IF(ISNUMBER(E3),AND(E3>=43831,E3<73051,E3=INT(E3)),FALSE()),IF(ISNUMBER(H3),AND(H3>=43831,H3<73051,H3=INT(H3)),FALSE()),IF(ISNUMBER(B4),AND(B4>=43831,B4<73051,B4=INT(B4)),FALSE()),B3<E3,E3<=H3,H3<=B4),0,1) -> 0 | L3: =IF(AND(ISNUMBER(K3),K3=IF(AND(IF(ISNUMBER(B3),AND(B3>=43831,B3<73051,B3=INT(B3)),FALSE()),IF(ISNUMBER(E3),AND(E3>=43831,E3<73051,E3=INT(E3)),FALSE()),IF(ISNUMBER(H3),AND(H3>=43831,H3<73051,H3=INT(H3)),FALSE()),IF(ISNUMBER(B4),AND(B4>=43831,B4<73051,B4=INT(B4)),FALSE()),B3<E3,E3<=H3,H3<=B4),0,1)),K3,1)+SUM(予測と実績!O8:P57)+IF(COUNT(予測と実績!P8:P57)=50,0,1) -> 0
A4: 実績基準日 | B4: 46331 | D4: 金額は円。予測は保存時の仮定です。 | I4: =IF(L3=0,"入力不備なし","入力を確認") -> 入力不備なし
A5: 対象案件（件） | B5: =IF($L$3=0,COUNTIFS(予測と実績!J8:J57,1),NA()) -> 7 | D5: 対象見込（円） | E5: =IF($L$3=0,SUMIFS(予測と実績!B8:B57,予測と実績!J8:J57,1),NA()) -> 440003 | G5: 加重予測（円） | H5: =IF($L$3=0,SUM(予測と実績!K8:K57),NA()) -> 184002
A6: 受注済（件） | B6: =IF($L$3=0,COUNTIFS(予測と実績!J8:J57,1,予測と実績!F8:F57,"受注"),NA()) -> 3 | D6: 期間内受注（円） | E6: =IF($L$3=0,SUM(予測と実績!L8:L57),NA()) -> 110000 | G6: 実績未確認（件） | H6: =IF($L$3=0,COUNTIFS(予測と実績!J8:J57,1,予測と実績!F8:F57,"未確認"),NA()) -> 1
A7: 継続（件） | B7: =IF($L$3=0,COUNTIFS(予測と実績!J8:J57,1,予測と実績!F8:F57,"継続"),NA()) -> 2 | D7: 失注（件） | E7: =IF($L$3=0,COUNTIFS(予測と実績!J8:J57,1,予測と実績!F8:F57,"失注"),NA()) -> 1 | G7: 実績−予測（円） | H7: =IF($L$3<>0,NA(),IF(B5=0,"対象なし",IF(H6>0,"判定保留",SUM(予測と実績!M8:M57)))) -> 判定保留
A8: 予定が期間外（件） | B8: =IF($L$3=0,COUNTIFS(予測と実績!J8:J57,0,予測と実績!N8:N57,"確認済み"),NA()) -> 1 | D8: 全登録（件） | E8: =IF($L$3=0,COUNTIFS(予測と実績!N8:N57,"確認済み"),NA()) -> 8 | G8: 照合差額（件） | H8: =E8-B5-B8 -> 0
A9: 案件ID | B9: 元の予定日 | C9: 元の見込額 | D9: 元の確度 | E9: 加重予測 | F9: 実績区分 | G9: 決着日 | H9: 期間内受注 | I9: 実績−予測
A10: =IF($L$3<>0,NA(),IF(COUNTA(予測と実績!A8:I8)=0,"",IF(COUNTA(予測と実績!A8)=0,"",予測と実績!A8))) -> OPP-0001 | B10: =IF($L$3<>0,NA(),IF(COUNTA(予測と実績!A8:I8)=0,"",IF(COUNTA(予測と実績!D8)=0,"",予測と実績!D8))) -> 46296 | C10: =IF($L$3<>0,NA(),IF(COUNTA(予測と実績!A8:I8)=0,"",IF(COUNTA(予測と実績!B8)=0,"",予測と実績!B8))) -> 100000 | D10: =IF($L$3<>0,NA(),IF(COUNTA(予測と実績!A8:I8)=0,"",IF(COUNTA(予測と実績!C8)=0,"",予測と実績!C8))) -> 50 | E10: =IF($L$3<>0,NA(),IF(COUNTA(予測と実績!A8:I8)=0,"",IF(COUNTA(予測と実績!K8)=0,"",予測と実績!K8))) -> 50000 | F10: =IF($L$3<>0,NA(),IF(COUNTA(予測と実績!A8:I8)=0,"",IF(COUNTA(予測と実績!F8)=0,"",予測と実績!F8))) -> 受注 | G10: =IF($L$3<>0,NA(),IF(COUNTA(予測と実績!A8:I8)=0,"",IF(COUNTA(予測と実績!H8)=0,"",予測と実績!H8))) -> 46305 | H10: =IF($L$3<>0,NA(),IF(COUNTA(予測と実績!A8:I8)=0,"",IF(COUNTA(予測と実績!L8)=0,"",予測と実績!L8))) -> 110000 | I10: =IF($L$3<>0,NA(),IF(COUNTA(予測と実績!A8:I8)=0,"",IF(COUNTA(予測と実績!M8)=0,"",予測と実績!M8))) -> 60000
A11: =IF($L$3<>0,NA(),IF(COUNTA(予測と実績!A9:I9)=0,"",IF(COUNTA(予測と実績!A9)=0,"",予測と実績!A9))) -> OPP-0002 | B11: =IF($L$3<>0,NA(),IF(COUNTA(予測と実績!A9:I9)=0,"",IF(COUNTA(予測と実績!D9)=0,"",予測と実績!D9))) -> 46326 | C11: =IF($L$3<>0,NA(),IF(COUNTA(予測と実績!A9:I9)=0,"",IF(COUNTA(予測と実績!B9)=0,"",予測と実績!B9))) -> 200001 | D11: =IF($L$3<>0,NA(),IF(COUNTA(予測と実績!A9:I9)=0,"",IF(COUNTA(予測と実績!C9)=0,"",予測と実績!C9))) -> 25 | E11: =IF($L$3<>0,NA(),IF(COUNTA(予測と実績!A9:I9)=0,"",IF(COUNTA(予測と実績!K9)=0,"",予測と実績!K9))) -> 50000 | F11: =IF($L$3<>0,NA(),IF(COUNTA(予測と実績!A9:I9)=0,"",IF(COUNTA(予測と実績!F9)=0,"",予測と実績!F9))) -> 失注 | G11: =IF($L$3<>0,NA(),IF(COUNTA(予測と実績!A9:I9)=0,"",IF(COUNTA(予測と実績!H9)=0,"",予測と実績!H9))) -> 46315 | H11: =IF($L$3<>0,NA(),IF(COUNTA(予測と実績!A9:I9)=0,"",IF(COUNTA(予測と実績!L9)=0,"",予測と実績!L9))) -> 0 | I11: =IF($L$3<>0,NA(),IF(COUNTA(予測と実績!A9:I9)=0,"",IF(COUNTA(予測と実績!M9)=0,"",予測と実績!M9))) -> -50000
A12: =IF($L$3<>0,NA(),IF(COUNTA(予測と実績!A10:I10)=0,"",IF(COUNTA(予測と実績!A10)=0,"",予測と実績!A10))) -> OPP-0003 | B12: =IF($L$3<>0,NA(),IF(COUNTA(予測と実績!A10:I10)=0,"",IF(COUNTA(予測と実績!D10)=0,"",予測と実績!D10))) -> 46311 | C12: =IF($L$3<>0,NA(),IF(COUNTA(予測と実績!A10:I10)=0,"",IF(COUNTA(予測と実績!B10)=0,"",予測と実績!B10))) -> 0 | D12: =IF($L$3<>0,NA(),IF(COUNTA(予測と実績!A10:I10)=0,"",IF(COUNTA(予測と実績!C10)=0,"",予測と実績!C10))) -> 0 | E12: =IF($L$3<>0,NA(),IF(COUNTA(予測と実績!A10:I10)=0,"",IF(COUNTA(予測と実績!K10)=0,"",予測と実績!K10))) -> 0 | F12: =IF($L$3<>0,NA(),IF(COUNTA(予測と実績!A10:I10)=0,"",IF(COUNTA(予測と実績!F10)=0,"",予測と実績!F10))) -> 継続 | G12: =IF($L$3<>0,NA(),IF(COUNTA(予測と実績!A10:I10)=0,"",IF(COUNTA(予測と実績!H10)=0,"",予測と実績!H10))) | H12: =IF($L$3<>0,NA(),IF(COUNTA(予測と実績!A10:I10)=0,"",IF(COUNTA(予測と実績!L10)=0,"",予測と実績!L10))) -> 0 | I12: =IF($L$3<>0,NA(),IF(COUNTA(予測と実績!A10:I10)=0,"",IF(COUNTA(予測と実績!M10)=0,"",予測と実績!M10))) -> 0
A13: =IF($L$3<>0,NA(),IF(COUNTA(予測と実績!A11:I11)=0,"",IF(COUNTA(予測と実績!A11)=0,"",予測と実績!A11))) -> OPP-0004 | B13: =IF($L$3<>0,NA(),IF(COUNTA(予測と実績!A11:I11)=0,"",IF(COUNTA(予測と実績!D11)=0,"",予測と実績!D11))) -> 46315 | C13: =IF($L$3<>0,NA(),IF(COUNTA(予測と実績!A11:I11)=0,"",IF(COUNTA(予測と実績!B11)=0,"",予測と実績!B11))) -> 80000 | D13: =IF($L$3<>0,NA(),IF(COUNTA(予測と実績!A11:I11)=0,"",IF(COUNTA(予測と実績!C11)=0,"",予測と実績!C11))) -> 75 | E13: =IF($L$3<>0,NA(),IF(COUNTA(予測と実績!A11:I11)=0,"",IF(COUNTA(予測と実績!K11)=0,"",予測と実績!K11))) -> 60000 | F13: =IF($L$3<>0,NA(),IF(COUNTA(予測と実績!A11:I11)=0,"",IF(COUNTA(予測と実績!F11)=0,"",予測と実績!F11))) -> 未確認 | G13: =IF($L$3<>0,NA(),IF(COUNTA(予測と実績!A11:I11)=0,"",IF(COUNTA(予測と実績!H11)=0,"",予測と実績!H11))) | H13: =IF($L$3<>0,NA(),IF(COUNTA(予測と実績!A11:I11)=0,"",IF(COUNTA(予測と実績!L11)=0,"",予測と実績!L11))) | I13: =IF($L$3<>0,NA(),IF(COUNTA(予測と実績!A11:I11)=0,"",IF(COUNTA(予測と実績!M11)=0,"",予測と実績!M11)))
A14: =IF($L$3<>0,NA(),IF(COUNTA(予測と実績!A12:I12)=0,"",IF(COUNTA(予測と実績!A12)=0,"",予測と実績!A12))) -> OPP-0005 | B14: =IF($L$3<>0,NA(),IF(COUNTA(予測と実績!A12:I12)=0,"",IF(COUNTA(予測と実績!D12)=0,"",予測と実績!D12))) -> 46327 | C14: =IF($L$3<>0,NA(),IF(COUNTA(予測と実績!A12:I12)=0,"",IF(COUNTA(予測と実績!B12)=0,"",予測と実績!B12))) -> 120000 | D14: =IF($L$3<>0,NA(),IF(COUNTA(予測と実績!A12:I12)=0,"",IF(COUNTA(予測と実績!C12)=0,"",予測と実績!C12))) -> 100 | E14: =IF($L$3<>0,NA(),IF(COUNTA(予測と実績!A12:I12)=0,"",IF(COUNTA(予測と実績!K12)=0,"",予測と実績!K12))) | F14: =IF($L$3<>0,NA(),IF(COUNTA(予測と実績!A12:I12)=0,"",IF(COUNTA(予測と実績!F12)=0,"",予測と実績!F12))) -> 受注 | G14: =IF($L$3<>0,NA(),IF(COUNTA(予測と実績!A12:I12)=0,"",IF(COUNTA(予測と実績!H12)=0,"",予測と実績!H12))) -> 46310 | H14: =IF($L$3<>0,NA(),IF(COUNTA(予測と実績!A12:I12)=0,"",IF(COUNTA(予測と実績!L12)=0,"",予測と実績!L12))) | I14: =IF($L$3<>0,NA(),IF(COUNTA(予測と実績!A12:I12)=0,"",IF(COUNTA(予測と実績!M12)=0,"",予測と実績!M12)))
A15: =IF($L$3<>0,NA(),IF(COUNTA(予測と実績!A13:I13)=0,"",IF(COUNTA(予測と実績!A13)=0,"",予測と実績!A13))) -> OPP-0006 | B15: =IF($L$3<>0,NA(),IF(COUNTA(予測と実績!A13:I13)=0,"",IF(COUNTA(予測と実績!D13)=0,"",予測と実績!D13))) -> 46310 | C15: =IF($L$3<>0,NA(),IF(COUNTA(予測と実績!A13:I13)=0,"",IF(COUNTA(予測と実績!B13)=0,"",予測と実績!B13))) -> 60000 | D15: =IF($L$3<>0,NA(),IF(COUNTA(予測と実績!A13:I13)=0,"",IF(COUNTA(予測と実績!C13)=0,"",予測と実績!C13))) -> 40 | E15: =IF($L$3<>0,NA(),IF(COUNTA(予測と実績!A13:I13)=0,"",IF(COUNTA(予測と実績!K13)=0,"",予測と実績!K13))) -> 24000 | F15: =IF($L$3<>0,NA(),IF(COUNTA(予測と実績!A13:I13)=0,"",IF(COUNTA(予測と実績!F13)=0,"",予測と実績!F13))) -> 受注 | G15: =IF($L$3<>0,NA(),IF(COUNTA(予測と実績!A13:I13)=0,"",IF(COUNTA(予測と実績!H13)=0,"",予測と実績!H13))) -> 46328 | H15: =IF($L$3<>0,NA(),IF(COUNTA(予測と実績!A13:I13)=0,"",IF(COUNTA(予測と実績!L13)=0,"",予測と実績!L13))) -> 0 | I15: =IF($L$3<>0,NA(),IF(COUNTA(予測と実績!A13:I13)=0,"",IF(COUNTA(予測と実績!M13)=0,"",予測と実績!M13))) -> -24000
A16: =IF($L$3<>0,NA(),IF(COUNTA(予測と実績!A14:I14)=0,"",IF(COUNTA(予測と実績!A14)=0,"",予測と実績!A14))) -> OPP-0007 | B16: =IF($L$3<>0,NA(),IF(COUNTA(予測と実績!A14:I14)=0,"",IF(COUNTA(予測と実績!D14)=0,"",予測と実績!D14))) -> 46320 | C16: =IF($L$3<>0,NA(),IF(COUNTA(予測と実績!A14:I14)=0,"",IF(COUNTA(予測と実績!B14)=0,"",予測と実績!B14))) -> 1 | D16: =IF($L$3<>0,NA(),IF(COUNTA(予測と実績!A14:I14)=0,"",IF(COUNTA(予測と実績!C14)=0,"",予測と実績!C14))) -> 50 | E16: =IF($L$3<>0,NA(),IF(COUNTA(予測と実績!A14:I14)=0,"",IF(COUNTA(予測と実績!K14)=0,"",予測と実績!K14))) -> 1 | F16: =IF($L$3<>0,NA(),IF(COUNTA(予測と実績!A14:I14)=0,"",IF(COUNTA(予測と実績!F14)=0,"",予測と実績!F14))) -> 受注 | G16: =IF($L$3<>0,NA(),IF(COUNTA(予測と実績!A14:I14)=0,"",IF(COUNTA(予測と実績!H14)=0,"",予測と実績!H14))) -> 46320 | H16: =IF($L$3<>0,NA(),IF(COUNTA(予測と実績!A14:I14)=0,"",IF(COUNTA(予測と実績!L14)=0,"",予測と実績!L14))) -> 0 | I16: =IF($L$3<>0,NA(),IF(COUNTA(予測と実績!A14:I14)=0,"",IF(COUNTA(予測と実績!M14)=0,"",予測と実績!M14))) -> -1
A17: =IF($L$3<>0,NA(),IF(COUNTA(予測と実績!A15:I15)=0,"",IF(COUNTA(予測と実績!A15)=0,"",予測と実績!A15))) -> OPP-0008 | B17: =IF($L$3<>0,NA(),IF(COUNTA(予測と実績!A15:I15)=0,"",IF(COUNTA(予測と実績!D15)=0,"",予測と実績!D15))) -> 46321 | C17: =IF($L$3<>0,NA(),IF(COUNTA(予測と実績!A15:I15)=0,"",IF(COUNTA(予測と実績!B15)=0,"",予測と実績!B15))) -> 1 | D17: =IF($L$3<>0,NA(),IF(COUNTA(予測と実績!A15:I15)=0,"",IF(COUNTA(予測と実績!C15)=0,"",予測と実績!C15))) -> 50 | E17: =IF($L$3<>0,NA(),IF(COUNTA(予測と実績!A15:I15)=0,"",IF(COUNTA(予測と実績!K15)=0,"",予測と実績!K15))) -> 1 | F17: =IF($L$3<>0,NA(),IF(COUNTA(予測と実績!A15:I15)=0,"",IF(COUNTA(予測と実績!F15)=0,"",予測と実績!F15))) -> 継続 | G17: =IF($L$3<>0,NA(),IF(COUNTA(予測と実績!A15:I15)=0,"",IF(COUNTA(予測と実績!H15)=0,"",予測と実績!H15))) | H17: =IF($L$3<>0,NA(),IF(COUNTA(予測と実績!A15:I15)=0,"",IF(COUNTA(予測と実績!L15)=0,"",予測と実績!L15))) -> 0 | I17: =IF($L$3<>0,NA(),IF(COUNTA(予測と実績!A15:I15)=0,"",IF(COUNTA(予測と実績!M15)=0,"",予測と実績!M15))) -> -1
A18: =IF($L$3<>0,NA(),IF(COUNTA(予測と実績!A16:I16)=0,"",IF(COUNTA(予測と実績!A16)=0,"",予測と実績!A16))) | B18: =IF($L$3<>0,NA(),IF(COUNTA(予測と実績!A16:I16)=0,"",IF(COUNTA(予測と実績!D16)=0,"",予測と実績!D16))) | C18: =IF($L$3<>0,NA(),IF(COUNTA(予測と実績!A16:I16)=0,"",IF(COUNTA(予測と実績!B16)=0,"",予測と実績!B16))) | D18: =IF($L$3<>0,NA(),IF(COUNTA(予測と実績!A16:I16)=0,"",IF(COUNTA(予測と実績!C16)=0,"",予測と実績!C16))) | E18: =IF($L$3<>0,NA(),IF(COUNTA(予測と実績!A16:I16)=0,"",IF(COUNTA(予測と実績!K16)=0,"",予測と実績!K16))) | F18: =IF($L$3<>0,NA(),IF(COUNTA(予測と実績!A16:I16)=0,"",IF(COUNTA(予測と実績!F16)=0,"",予測と実績!F16))) | G18: =IF($L$3<>0,NA(),IF(COUNTA(予測と実績!A16:I16)=0,"",IF(COUNTA(予測と実績!H16)=0,"",予測と実績!H16))) | H18: =IF($L$3<>0,NA(),IF(COUNTA(予測と実績!A16:I16)=0,"",IF(COUNTA(予測と実績!L16)=0,"",予測と実績!L16))) | I18: =IF($L$3<>0,NA(),IF(COUNTA(予測と実績!A16:I16)=0,"",IF(COUNTA(予測と実績!M16)=0,"",予測と実績!M16)))
A19: =IF($L$3<>0,NA(),IF(COUNTA(予測と実績!A17:I17)=0,"",IF(COUNTA(予測と実績!A17)=0,"",予測と実績!A17))) | B19: =IF($L$3<>0,NA(),IF(COUNTA(予測と実績!A17:I17)=0,"",IF(COUNTA(予測と実績!D17)=0,"",予測と実績!D17))) | C19: =IF($L$3<>0,NA(),IF(COUNTA(予測と実績!A17:I17)=0,"",IF(COUNTA(予測と実績!B17)=0,"",予測と実績!B17))) | D19: =IF($L$3<>0,NA(),IF(COUNTA(予測と実績!A17:I17)=0,"",IF(COUNTA(予測と実績!C17)=0,"",予測と実績!C17))) | E19: =IF($L$3<>0,NA(),IF(COUNTA(予測と実績!A17:I17)=0,"",IF(COUNTA(予測と実績!K17)=0,"",予測と実績!K17))) | F19: =IF($L$3<>0,NA(),IF(COUNTA(予測と実績!A17:I17)=0,"",IF(COUNTA(予測と実績!F17)=0,"",予測と実績!F17))) | G19: =IF($L$3<>0,NA(),IF(COUNTA(予測と実績!A17:I17)=0,"",IF(COUNTA(予測と実績!H17)=0,"",予測と実績!H17))) | H19: =IF($L$3<>0,NA(),IF(COUNTA(予測と実績!A17:I17)=0,"",IF(COUNTA(予測と実績!L17)=0,"",予測と実績!L17))) | I19: =IF($L$3<>0,NA(),IF(COUNTA(予測と実績!A17:I17)=0,"",IF(COUNTA(予測と実績!M17)=0,"",予測と実績!M17)))
A20: =IF($L$3<>0,NA(),IF(COUNTA(予測と実績!A18:I18)=0,"",IF(COUNTA(予測と実績!A18)=0,"",予測と実績!A18))) | B20: =IF($L$3<>0,NA(),IF(COUNTA(予測と実績!A18:I18)=0,"",IF(COUNTA(予測と実績!D18)=0,"",予測と実績!D18))) | C20: =IF($L$3<>0,NA(),IF(COUNTA(予測と実績!A18:I18)=0,"",IF(COUNTA(予測と実績!B18)=0,"",予測と実績!B18))) | D20: =IF($L$3<>0,NA(),IF(COUNTA(予測と実績!A18:I18)=0,"",IF(COUNTA(予測と実績!C18)=0,"",予測と実績!C18))) | E20: =IF($L$3<>0,NA(),IF(COUNTA(予測と実績!A18:I18)=0,"",IF(COUNTA(予測と実績!K18)=0,"",予測と実績!K18))) | F20: =IF($L$3<>0,NA(),IF(COUNTA(予測と実績!A18:I18)=0,"",IF(COUNTA(予測と実績!F18)=0,"",予測と実績!F18))) | G20: =IF($L$3<>0,NA(),IF(COUNTA(予測と実績!A18:I18)=0,"",IF(COUNTA(予測と実績!H18)=0,"",予測と実績!H18))) | H20: =IF($L$3<>0,NA(),IF(COUNTA(予測と実績!A18:I18)=0,"",IF(COUNTA(予測と実績!L18)=0,"",予測と実績!L18))) | I20: =IF($L$3<>0,NA(),IF(COUNTA(予測と実績!A18:I18)=0,"",IF(COUNTA(予測と実績!M18)=0,"",予測と実績!M18)))
A21: =IF($L$3<>0,NA(),IF(COUNTA(予測と実績!A19:I19)=0,"",IF(COUNTA(予測と実績!A19)=0,"",予測と実績!A19))) | B21: =IF($L$3<>0,NA(),IF(COUNTA(予測と実績!A19:I19)=0,"",IF(COUNTA(予測と実績!D19)=0,"",予測と実績!D19))) | C21: =IF($L$3<>0,NA(),IF(COUNTA(予測と実績!A19:I19)=0,"",IF(COUNTA(予測と実績!B19)=0,"",予測と実績!B19))) | D21: =IF($L$3<>0,NA(),IF(COUNTA(予測と実績!A19:I19)=0,"",IF(COUNTA(予測と実績!C19)=0,"",予測と実績!C19))) | E21: =IF($L$3<>0,NA(),IF(COUNTA(予測と実績!A19:I19)=0,"",IF(COUNTA(予測と実績!K19)=0,"",予測と実績!K19))) | F21: =IF($L$3<>0,NA(),IF(COUNTA(予測と実績!A19:I19)=0,"",IF(COUNTA(予測と実績!F19)=0,"",予測と実績!F19))) | G21: =IF($L$3<>0,NA(),IF(COUNTA(予測と実績!A19:I19)=0,"",IF(COUNTA(予測と実績!H19)=0,"",予測と実績!H19))) | H21: =IF($L$3<>0,NA(),IF(COUNTA(予測と実績!A19:I19)=0,"",IF(COUNTA(予測と実績!L19)=0,"",予測と実績!L19))) | I21: =IF($L$3<>0,NA(),IF(COUNTA(予測と実績!A19:I19)=0,"",IF(COUNTA(予測と実績!M19)=0,"",予測と実績!M19)))
... A59: =IF($L$3<>0,NA(),IF(COUNTA(予測と実績!A57:I57)=0,"",IF(COUNTA(予測と実績!A57)=0,"",予測と実績!A57))) | B59: =IF($L$3<>0,NA(),IF(COUNTA(予測と実績!A57:I57)=0,"",IF(COUNTA(予測と実績!D57)=0,"",予測と実績!D57))) | C59: =IF($L$3<>0,NA(),IF(COUNTA(予測と実績!A57:I57)=0,"",IF(COUNTA(予測と実績!B57)=0,"",予測と実績!B57))) | D59: =IF($L$3<>0,NA(),IF(COUNTA(予測と実績!A57:I57)=0,"",IF(COUNTA(予測と実績!C57)=0,"",予測と実績!C57))) | E59: =IF($L$3<>0,NA(),IF(COUNTA(予測と実績!A57:I57)=0,"",IF(COUNTA(予測と実績!K57)=0,"",予測と実績!K57))) | F59: =IF($L$3<>0,NA(),IF(COUNTA(予測と実績!A57:I57)=0,"",IF(COUNTA(予測と実績!F57)=0,"",予測と実績!F57))) | G59: =IF($L$3<>0,NA(),IF(COUNTA(予測と実績!A57:I57)=0,"",IF(COUNTA(予測と実績!H57)=0,"",予測と実績!H57))) | H59: =IF($L$3<>0,NA(),IF(COUNTA(予測と実績!A57:I57)=0,"",IF(COUNTA(予測と実績!L57)=0,"",予測と実績!L57))) | I59: =IF($L$3<>0,NA(),IF(COUNTA(予測と実績!A57:I57)=0,"",IF(COUNTA(予測と実績!M57)=0,"",予測と実績!M57)))

Sheet 予測と実績
A2: 予測の保存値と後日の実績を分けて記録
A3: 黄色A〜Iへ50案件。A〜Eは予測基準日以前に保存した元記録。実績を見て書き換えません。
A5: 確度50%は整数50。不明を0へ埋めず、確度100でも受注と決めません。案件名・根拠は別資料へ。
A7: 案件ID | B7: 元の見込額（円） | C7: 元の確度（0〜100） | D7: 元の予定日 | E7: 予測記録確認日 | F7: 実績区分 | G7: 確認済受注額（円） | H7: 決着日 | I7: 実績記録確認日 | J7: 予定の期間内 | K7: 加重予測 | L7: 期間内受注 | M7: 実績−予測 | N7: 入力の確認 | O7: 入力不備 | P7: 計算の前提
A8: OPP-0001 | B8: 100000 | C8: 50 | D8: 46296 | E8: 46295 | F8: 受注 | G8: 110000 | H8: 46305 | I8: 46331 | J8: =IF(N8="","",IF(O8<>0,NA(),IF(AND(D8>=予測比較!$E$3,D8<=予測比較!$H$3),1,0))) -> 1 | K8: =IF(N8="","",IF(O8<>0,NA(),IF(J8=1,ROUND(B8*C8/100,0),""))) -> 50000 | L8: =IF(N8="","",IF(O8<>0,NA(),IF(J8<>1,"",IF(F8="未確認","",IF(AND(F8="受注",H8>=予測比較!$E$3,H8<=予測比較!$H$3),G8,0))))) -> 110000 | M8: =IF(N8="","",IF(O8<>0,NA(),IF(J8<>1,"",IF(F8="未確認","",L8-K8)))) -> 60000 | N8: =IF(COUNTA(A8:I8)=0,"",IF(NOT(AND(ISTEXT(A8),LEN(A8)=8,EXACT(LEFT(A8,4),"OPP-"),ISNUMBER(FIND(MID(A8,5,1)&"x","0x1x2x3x4x5x6x7x8x9x")),ISNUMBER(FIND(MID(A8,6,1)&"x","0x1x2x3x4x5x6x7x8x9x")),ISNUMBER(FIND(MID(A8,7,1)&"x","0x1x2x3x4x5x6x7x8x9x")),ISNUMBER(FIND(MID(A8,8,1)&"x","0x1x2x3x4x5x6x7x8x9x")))),"案件IDはOPP-と半角数字4桁",IF(COUNTIFS($A$8:$A$57,A8)>1,"案件IDが重複",IF(NOT(IF(ISNUMBER(B8),AND(B8>=0,B8<=1000000000,B8=INT(B8)),FALSE())),"元の見込額は0〜10億円の整数で必須",IF(NOT(IF(ISNUMBER(C8),AND(C8>=0,C8<=100,C8=INT(C8)),FALSE())),"元の確度は0〜100の整数で必須",IF(NOT(IF(ISNUMBER(D8),AND(D8>=43831,D8<73051,D8=INT(D8)),FALSE())),"元の予定日は時刻なしで必須",IF(NOT(IF(ISNUMBER(E8),AND(E8>=43831,E8<73051,E8=INT(E8)),FALSE())),"予測記録確認日は時刻なしで必須",IF(E8>予測比較!$B$3,"予測記録確認日が予測基準日より後",IF(D8<=予測比較!$B$3,"元の予定日は予測基準日より後",IF(NOT(OR(F8="受注",F8="失注",F8="継続",F8="未確認")),"実績区分を確認",IF(AND(F8="受注",NOT(IF(ISNUMBER(G8),AND(G8>=0,G8<=1000000000,G8=INT(G8)),FALSE()))),"受注額は0〜10億円の整数で必須",IF(AND(F8<>"受注",COUNTA(G8)>0),"受注以外は受注額を空欄",IF(AND(OR(F8="受注",F8="失注"),NOT(IF(ISNUMBER(H8),AND(H8>=43831,H8<73051,H8=INT(H8)),FALSE()))),"受注/失注は決着日が必須",IF(AND(NOT(OR(F8="受注",F8="失注")),COUNTA(H8)>0),"継続/未確認の決着日は空欄",IF(NOT(IF(ISNUMBER(I8),AND(I8>=43831,I8<73051,I8=INT(I8)),FALSE())),"実績記録確認日は時刻なしで必須",IF(OR(I8<予測比較!$H$3,I8>予測比較!$B$4),"対象終了日≦実績確認日≦実績基準日を確認",IF(AND(OR(F8="受注",F8="失注"),OR(H8<=予測比較!$B$3,H8>I8)),"予測基準日＜決着日≦実績確認日を確認","確認済み"))))))))))))))))) -> 確認済み | O8: =IF(N8="","",IF(N8="確認済み",0,1)) -> 0 | P8: =IF(COUNTA(A8:I8)=0,IF(AND(N8="",O8="",J8="",K8="",L8="",M8=""),0,1),IF(NOT(AND(ISTEXT(N8),N8=IF(COUNTA(A8:I8)=0,"",IF(NOT(AND(ISTEXT(A8),LEN(A8)=8,EXACT(LEFT(A8,4),"OPP-"),ISNUMBER(FIND(MID(A8,5,1)&"x","0x1x2x3x4x5x6x7x8x9x")),ISNUMBER(FIND(MID(A8,6,1)&"x","0x1x2x3x4x5x6x7x8x9x")),ISNUMBER(FIND(MID(A8,7,1)&"x","0x1x2x3x4x5x6x7x8x9x")),ISNUMBER(FIND(MID(A8,8,1)&"x","0x1x2x3x4x5x6x7x8x9x")))),"案件IDはOPP-と半角数字4桁",IF(COUNTIFS($A$8:$A$57,A8)>1,"案件IDが重複",IF(NOT(IF(ISNUMBER(B8),AND(B8>=0,B8<=1000000000,B8=INT(B8)),FALSE())),"元の見込額は0〜10億円の整数で必須",IF(NOT(IF(ISNUMBER(C8),AND(C8>=0,C8<=100,C8=INT(C8)),FALSE())),"元の確度は0〜100の整数で必須",IF(NOT(IF(ISNUMBER(D8),AND(D8>=43831,D8<73051,D8=INT(D8)),FALSE())),"元の予定日は時刻なしで必須",IF(NOT(IF(ISNUMBER(E8),AND(E8>=43831,E8<73051,E8=INT(E8)),FALSE())),"予測記録確認日は時刻なしで必須",IF(E8>予測比較!$B$3,"予測記録確認日が予測基準日より後",IF(D8<=予測比較!$B$3,"元の予定日は予測基準日より後",IF(NOT(OR(F8="受注",F8="失注",F8="継続",F8="未確認")),"実績区分を確認",IF(AND(F8="受注",NOT(IF(ISNUMBER(G8),AND(G8>=0,G8<=1000000000,G8=INT(G8)),FALSE()))),"受注額は0〜10億円の整数で必須",IF(AND(F8<>"受注",COUNTA(G8)>0),"受注以外は受注額を空欄",IF(AND(OR(F8="受注",F8="失注"),NOT(IF(ISNUMBER(H8),AND(H8>=43831,H8<73051,H8=INT(H8)),FALSE()))),"受注/失注は決着日が必須",IF(AND(NOT(OR(F8="受注",F8="失注")),COUNTA(H8)>0),"継続/未確認の決着日は空欄",IF(NOT(IF(ISNUMBER(I8),AND(I8>=43831,I8<73051,I8=INT(I8)),FALSE())),"実績記録確認日は時刻なしで必須",IF(OR(I8<予測比較!$H$3,I8>予測比較!$B$4),"対象終了日≦実績確認日≦実績基準日を確認",IF(AND(OR(F8="受注",F8="失注"),OR(H8<=予測比較!$B$3,H8>I8)),"予測基準日＜決着日≦実績確認日を確認","確認済み"))))))))))))))))),ISNUMBER(O8),O8=IF(N8="確認済み",0,1))),1,IF(O8<>0,0,IF(AND(ISNUMBER(J8),J8=IF(AND(D8>=予測比較!$E$3,D8<=予測比較!$H$3),1,0),IF(J8=1,ISNUMBER(K8),ISTEXT(K8)),K8=IF(J8=1,ROUND(B8*C8/100,0),""),IF(AND(J8=1,F8<>"未確認"),ISNUMBER(L8),ISTEXT(L8)),L8=IF(J8<>1,"",IF(F8="未確認","",IF(AND(F8="受注",H8>=予測比較!$E$3,H8<=予測比較!$H$3),G8,0))),IF(AND(J8=1,F8<>"未確認"),ISNUMBER(M8),ISTEXT(M8)),M8=IF(J8<>1,"",IF(F8="未確認","",L8-K8))),0,1)))) -> 0
A9: OPP-0002 | B9: 200001 | C9: 25 | D9: 46326 | E9: 46295 | F9: 失注 | H9: 46315 | I9: 46331 | J9: =IF(N9="","",IF(O9<>0,NA(),IF(AND(D9>=予測比較!$E$3,D9<=予測比較!$H$3),1,0))) -> 1 | K9: =IF(N9="","",IF(O9<>0,NA(),IF(J9=1,ROUND(B9*C9/100,0),""))) -> 50000 | L9: =IF(N9="","",IF(O9<>0,NA(),IF(J9<>1,"",IF(F9="未確認","",IF(AND(F9="受注",H9>=予測比較!$E$3,H9<=予測比較!$H$3),G9,0))))) -> 0 | M9: =IF(N9="","",IF(O9<>0,NA(),IF(J9<>1,"",IF(F9="未確認","",L9-K9)))) -> -50000 | N9: =IF(COUNTA(A9:I9)=0,"",IF(NOT(AND(ISTEXT(A9),LEN(A9)=8,EXACT(LEFT(A9,4),"OPP-"),ISNUMBER(FIND(MID(A9,5,1)&"x","0x1x2x3x4x5x6x7x8x9x")),ISNUMBER(FIND(MID(A9,6,1)&"x","0x1x2x3x4x5x6x7x8x9x")),ISNUMBER(FIND(MID(A9,7,1)&"x","0x1x2x3x4x5x6x7x8x9x")),ISNUMBER(FIND(MID(A9,8,1)&"x","0x1x2x3x4x5x6x7x8x9x")))),"案件IDはOPP-と半角数字4桁",IF(COUNTIFS($A$8:$A$57,A9)>1,"案件IDが重複",IF(NOT(IF(ISNUMBER(B9),AND(B9>=0,B9<=1000000000,B9=INT(B9)),FALSE())),"元の見込額は0〜10億円の整数で必須",IF(NOT(IF(ISNUMBER(C9),AND(C9>=0,C9<=100,C9=INT(C9)),FALSE())),"元の確度は0〜100の整数で必須",IF(NOT(IF(ISNUMBER(D9),AND(D9>=43831,D9<73051,D9=INT(D9)),FALSE())),"元の予定日は時刻なしで必須",IF(NOT(IF(ISNUMBER(E9),AND(E9>=43831,E9<73051,E9=INT(E9)),FALSE())),"予測記録確認日は時刻なしで必須",IF(E9>予測比較!$B$3,"予測記録確認日が予測基準日より後",IF(D9<=予測比較!$B$3,"元の予定日は予測基準日より後",IF(NOT(OR(F9="受注",F9="失注",F9="継続",F9="未確認")),"実績区分を確認",IF(AND(F9="受注",NOT(IF(ISNUMBER(G9),AND(G9>=0,G9<=1000000000,G9=INT(G9)),FALSE()))),"受注額は0〜10億円の整数で必須",IF(AND(F9<>"受注",COUNTA(G9)>0),"受注以外は受注額を空欄",IF(AND(OR(F9="受注",F9="失注"),NOT(IF(ISNUMBER(H9),AND(H9>=43831,H9<73051,H9=INT(H9)),FALSE()))),"受注/失注は決着日が必須",IF(AND(NOT(OR(F9="受注",F9="失注")),COUNTA(H9)>0),"継続/未確認の決着日は空欄",IF(NOT(IF(ISNUMBER(I9),AND(I9>=43831,I9<73051,I9=INT(I9)),FALSE())),"実績記録確認日は時刻なしで必須",IF(OR(I9<予測比較!$H$3,I9>予測比較!$B$4),"対象終了日≦実績確認日≦実績基準日を確認",IF(AND(OR(F9="受注",F9="失注"),OR(H9<=予測比較!$B$3,H9>I9)),"予測基準日＜決着日≦実績確認日を確認","確認済み"))))))))))))))))) -> 確認済み | O9: =IF(N9="","",IF(N9="確認済み",0,1)) -> 0 | P9: =IF(COUNTA(A9:I9)=0,IF(AND(N9="",O9="",J9="",K9="",L9="",M9=""),0,1),IF(NOT(AND(ISTEXT(N9),N9=IF(COUNTA(A9:I9)=0,"",IF(NOT(AND(ISTEXT(A9),LEN(A9)=8,EXACT(LEFT(A9,4),"OPP-"),ISNUMBER(FIND(MID(A9,5,1)&"x","0x1x2x3x4x5x6x7x8x9x")),ISNUMBER(FIND(MID(A9,6,1)&"x","0x1x2x3x4x5x6x7x8x9x")),ISNUMBER(FIND(MID(A9,7,1)&"x","0x1x2x3x4x5x6x7x8x9x")),ISNUMBER(FIND(MID(A9,8,1)&"x","0x1x2x3x4x5x6x7x8x9x")))),"案件IDはOPP-と半角数字4桁",IF(COUNTIFS($A$8:$A$57,A9)>1,"案件IDが重複",IF(NOT(IF(ISNUMBER(B9),AND(B9>=0,B9<=1000000000,B9=INT(B9)),FALSE())),"元の見込額は0〜10億円の整数で必須",IF(NOT(IF(ISNUMBER(C9),AND(C9>=0,C9<=100,C9=INT(C9)),FALSE())),"元の確度は0〜100の整数で必須",IF(NOT(IF(ISNUMBER(D9),AND(D9>=43831,D9<73051,D9=INT(D9)),FALSE())),"元の予定日は時刻なしで必須",IF(NOT(IF(ISNUMBER(E9),AND(E9>=43831,E9<73051,E9=INT(E9)),FALSE())),"予測記録確認日は時刻なしで必須",IF(E9>予測比較!$B$3,"予測記録確認日が予測基準日より後",IF(D9<=予測比較!$B$3,"元の予定日は予測基準日より後",IF(NOT(OR(F9="受注",F9="失注",F9="継続",F9="未確認")),"実績区分を確認",IF(AND(F9="受注",NOT(IF(ISNUMBER(G9),AND(G9>=0,G9<=1000000000,G9=INT(G9)),FALSE()))),"受注額は0〜10億円の整数で必須",IF(AND(F9<>"受注",COUNTA(G9)>0),"受注以外は受注額を空欄",IF(AND(OR(F9="受注",F9="失注"),NOT(IF(ISNUMBER(H9),AND(H9>=43831,H9<73051,H9=INT(H9)),FALSE()))),"受注/失注は決着日が必須",IF(AND(NOT(OR(F9="受注",F9="失注")),COUNTA(H9)>0),"継続/未確認の決着日は空欄",IF(NOT(IF(ISNUMBER(I9),AND(I9>=43831,I9<73051,I9=INT(I9)),FALSE())),"実績記録確認日は時刻なしで必須",IF(OR(I9<予測比較!$H$3,I9>予測比較!$B$4),"対象終了日≦実績確認日≦実績基準日を確認",IF(AND(OR(F9="受注",F9="失注"),OR(H9<=予測比較!$B$3,H9>I9)),"予測基準日＜決着日≦実績確認日を確認","確認済み"))))))))))))))))),ISNUMBER(O9),O9=IF(N9="確認済み",0,1))),1,IF(O9<>0,0,IF(AND(ISNUMBER(J9),J9=IF(AND(D9>=予測比較!$E$3,D9<=予測比較!$H$3),1,0),IF(J9=1,ISNUMBER(K9),ISTEXT(K9)),K9=IF(J9=1,ROUND(B9*C9/100,0),""),IF(AND(J9=1,F9<>"未確認"),ISNUMBER(L9),ISTEXT(L9)),L9=IF(J9<>1,"",IF(F9="未確認","",IF(AND(F9="受注",H9>=予測比較!$E$3,H9<=予測比較!$H$3),G9,0))),IF(AND(J9=1,F9<>"未確認"),ISNUMBER(M9),ISTEXT(M9)),M9=IF(J9<>1,"",IF(F9="未確認","",L9-K9))),0,1)))) -> 0
A10: OPP-0003 | B10: 0 | C10: 0 | D10: 46311 | E10: 46295 | F10: 継続 | I10: 46331 | J10: =IF(N10="","",IF(O10<>0,NA(),IF(AND(D10>=予測比較!$E$3,D10<=予測比較!$H$3),1,0))) -> 1 | K10: =IF(N10="","",IF(O10<>0,NA(),IF(J10=1,ROUND(B10*C10/100,0),""))) -> 0 | L10: =IF(N10="","",IF(O10<>0,NA(),IF(J10<>1,"",IF(F10="未確認","",IF(AND(F10="受注",H10>=予測比較!$E$3,H10<=予測比較!$H$3),G10,0))))) -> 0 | M10: =IF(N10="","",IF(O10<>0,NA(),IF(J10<>1,"",IF(F10="未確認","",L10-K10)))) -> 0 | N10: =IF(COUNTA(A10:I10)=0,"",IF(NOT(AND(ISTEXT(A10),LEN(A10)=8,EXACT(LEFT(A10,4),"OPP-"),ISNUMBER(FIND(MID(A10,5,1)&"x","0x1x2x3x4x5x6x7x8x9x")),ISNUMBER(FIND(MID(A10,6,1)&"x","0x1x2x3x4x5x6x7x8x9x")),ISNUMBER(FIND(MID(A10,7,1)&"x","0x1x2x3x4x5x6x7x8x9x")),ISNUMBER(FIND(MID(A10,8,1)&"x","0x1x2x3x4x5x6x7x8x9x")))),"案件IDはOPP-と半角数字4桁",IF(COUNTIFS($A$8:$A$57,A10)>1,"案件IDが重複",IF(NOT(IF(ISNUMBER(B10),AND(B10>=0,B10<=1000000000,B10=INT(B10)),FALSE())),"元の見込額は0〜10億円の整数で必須",IF(NOT(IF(ISNUMBER(C10),AND(C10>=0,C10<=100,C10=INT(C10)),FALSE())),"元の確度は0〜100の整数で必須",IF(NOT(IF(ISNUMBER(D10),AND(D10>=43831,D10<73051,D10=INT(D10)),FALSE())),"元の予定日は時刻なしで必須",IF(NOT(IF(ISNUMBER(E10),AND(E10>=43831,E10<73051,E10=INT(E10)),FALSE())),"予測記録確認日は時刻なしで必須",IF(E10>予測比較!$B$3,"予測記録確認日が予測基準日より後",IF(D10<=予測比較!$B$3,"元の予定日は予測基準日より後",IF(NOT(OR(F10="受注",F10="失注",F10="継続",F10="未確認")),"実績区分を確認",IF(AND(F10="受注",NOT(IF(ISNUMBER(G10),AND(G10>=0,G10<=1000000000,G10=INT(G10)),FALSE()))),"受注額は0〜10億円の整数で必須",IF(AND(F10<>"受注",COUNTA(G10)>0),"受注以外は受注額を空欄",IF(AND(OR(F10="受注",F10="失注"),NOT(IF(ISNUMBER(H10),AND(H10>=43831,H10<73051,H10=INT(H10)),FALSE()))),"受注/失注は決着日が必須",IF(AND(NOT(OR(F10="受注",F10="失注")),COUNTA(H10)>0),"継続/未確認の決着日は空欄",IF(NOT(IF(ISNUMBER(I10),AND(I10>=43831,I10<73051,I10=INT(I10)),FALSE())),"実績記録確認日は時刻なしで必須",IF(OR(I10<予測比較!$H$3,I10>予測比較!$B$4),"対象終了日≦実績確認日≦実績基準日を確認",IF(AND(OR(F10="受注",F10="失注"),OR(H10<=予測比較!$B$3,H10>I10)),"予測基準日＜決着日≦実績確認日を確認","確認済み"))))))))))))))))) -> 確認済み | O10: =IF(N10="","",IF(N10="確認済み",0,1)) -> 0 | P10: =IF(COUNTA(A10:I10)=0,IF(AND(N10="",O10="",J10="",K10="",L10="",M10=""),0,1),IF(NOT(AND(ISTEXT(N10),N10=IF(COUNTA(A10:I10)=0,"",IF(NOT(AND(ISTEXT(A10),LEN(A10)=8,EXACT(LEFT(A10,4),"OPP-"),ISNUMBER(FIND(MID(A10,5,1)&"x","0x1x2x3x4x5x6x7x8x9x")),ISNUMBER(FIND(MID(A10,6,1)&"x","0x1x2x3x4x5x6x7x8x9x")),ISNUMBER(FIND(MID(A10,7,1)&"x","0x1x2x3x4x5x6x7x8x9x")),ISNUMBER(FIND(MID(A10,8,1)&"x","0x1x2x3x4x5x6x7x8x9x")))),"案件IDはOPP-と半角数字4桁",IF(COUNTIFS($A$8:$A$57,A10)>1,"案件IDが重複",IF(NOT(IF(ISNUMBER(B10),AND(B10>=0,B10<=1000000000,B10=INT(B10)),FALSE())),"元の見込額は0〜10億円の整数で必須",IF(NOT(IF(ISNUMBER(C10),AND(C10>=0,C10<=100,C10=INT(C10)),FALSE())),"元の確度は0〜100の整数で必須",IF(NOT(IF(ISNUMBER(D10),AND(D10>=43831,D10<73051,D10=INT(D10)),FALSE())),"元の予定日は時刻なしで必須",IF(NOT(IF(ISNUMBER(E10),AND(E10>=43831,E10<73051,E10=INT(E10)),FALSE())),"予測記録確認日は時刻なしで必須",IF(E10>予測比較!$B$3,"予測記録確認日が予測基準日より後",IF(D10<=予測比較!$B$3,"元の予定日は予測基準日より後",IF(NOT(OR(F10="受注",F10="失注",F10="継続",F10="未確認")),"実績区分を確認",IF(AND(F10="受注",NOT(IF(ISNUMBER(G10),AND(G10>=0,G10<=1000000000,G10=INT(G10)),FALSE()))),"受注額は0〜10億円の整数で必須",IF(AND(F10<>"受注",COUNTA(G10)>0),"受注以外は受注額を空欄",IF(AND(OR(F10="受注",F10="失注"),NOT(IF(ISNUMBER(H10),AND(H10>=43831,H10<73051,H10=INT(H10)),FALSE()))),"受注/失注は決着日が必須",IF(AND(NOT(OR(F10="受注",F10="失注")),COUNTA(H10)>0),"継続/未確認の決着日は空欄",IF(NOT(IF(ISNUMBER(I10),AND(I10>=43831,I10<73051,I10=INT(I10)),FALSE())),"実績記録確認日は時刻なしで必須",IF(OR(I10<予測比較!$H$3,I10>予測比較!$B$4),"対象終了日≦実績確認日≦実績基準日を確認",IF(AND(OR(F10="受注",F10="失注"),OR(H10<=予測比較!$B$3,H10>I10)),"予測基準日＜決着日≦実績確認日を確認","確認済み"))))))))))))))))),ISNUMBER(O10),O10=IF(N10="確認済み",0,1))),1,IF(O10<>0,0,IF(AND(ISNUMBER(J10),J10=IF(AND(D10>=予測比較!$E$3,D10<=予測比較!$H$3),1,0),IF(J10=1,ISNUMBER(K10),ISTEXT(K10)),K10=IF(J10=1,ROUND(B10*C10/100,0),""),IF(AND(J10=1,F10<>"未確認"),ISNUMBER(L10),ISTEXT(L10)),L10=IF(J10<>1,"",IF(F10="未確認","",IF(AND(F10="受注",H10>=予測比較!$E$3,H10<=予測比較!$H$3),G10,0))),IF(AND(J10=1,F10<>"未確認"),ISNUMBER(M10),ISTEXT(M10)),M10=IF(J10<>1,"",IF(F10="未確認","",L10-K10))),0,1)))) -> 0
A11: OPP-0004 | B11: 80000 | C11: 75 | D11: 46315 | E11: 46295 | F11: 未確認 | I11: 46331 | J11: =IF(N11="","",IF(O11<>0,NA(),IF(AND(D11>=予測比較!$E$3,D11<=予測比較!$H$3),1,0))) -> 1 | K11: =IF(N11="","",IF(O11<>0,NA(),IF(J11=1,ROUND(B11*C11/100,0),""))) -> 60000 | L11: =IF(N11="","",IF(O11<>0,NA(),IF(J11<>1,"",IF(F11="未確認","",IF(AND(F11="受注",H11>=予測比較!$E$3,H11<=予測比較!$H$3),G11,0))))) | M11: =IF(N11="","",IF(O11<>0,NA(),IF(J11<>1,"",IF(F11="未確認","",L11-K11)))) | N11: =IF(COUNTA(A11:I11)=0,"",IF(NOT(AND(ISTEXT(A11),LEN(A11)=8,EXACT(LEFT(A11,4),"OPP-"),ISNUMBER(FIND(MID(A11,5,1)&"x","0x1x2x3x4x5x6x7x8x9x")),ISNUMBER(FIND(MID(A11,6,1)&"x","0x1x2x3x4x5x6x7x8x9x")),ISNUMBER(FIND(MID(A11,7,1)&"x","0x1x2x3x4x5x6x7x8x9x")),ISNUMBER(FIND(MID(A11,8,1)&"x","0x1x2x3x4x5x6x7x8x9x")))),"案件IDはOPP-と半角数字4桁",IF(COUNTIFS($A$8:$A$57,A11)>1,"案件IDが重複",IF(NOT(IF(ISNUMBER(B11),AND(B11>=0,B11<=1000000000,B11=INT(B11)),FALSE())),"元の見込額は0〜10億円の整数で必須",IF(NOT(IF(ISNUMBER(C11),AND(C11>=0,C11<=100,C11=INT(C11)),FALSE())),"元の確度は0〜100の整数で必須",IF(NOT(IF(ISNUMBER(D11),AND(D11>=43831,D11<73051,D11=INT(D11)),FALSE())),"元の予定日は時刻なしで必須",IF(NOT(IF(ISNUMBER(E11),AND(E11>=43831,E11<73051,E11=INT(E11)),FALSE())),"予測記録確認日は時刻なしで必須",IF(E11>予測比較!$B$3,"予測記録確認日が予測基準日より後",IF(D11<=予測比較!$B$3,"元の予定日は予測基準日より後",IF(NOT(OR(F11="受注",F11="失注",F11="継続",F11="未確認")),"実績区分を確認",IF(AND(F11="受注",NOT(IF(ISNUMBER(G11),AND(G11>=0,G11<=1000000000,G11=INT(G11)),FALSE()))),"受注額は0〜10億円の整数で必須",IF(AND(F11<>"受注",COUNTA(G11)>0),"受注以外は受注額を空欄",IF(AND(OR(F11="受注",F11="失注"),NOT(IF(ISNUMBER(H11),AND(H11>=43831,H11<73051,H11=INT(H11)),FALSE()))),"受注/失注は決着日が必須",IF(AND(NOT(OR(F11="受注",F11="失注")),COUNTA(H11)>0),"継続/未確認の決着日は空欄",IF(NOT(IF(ISNUMBER(I11),AND(I11>=43831,I11<73051,I11=INT(I11)),FALSE())),"実績記録確認日は時刻なしで必須",IF(OR(I11<予測比較!$H$3,I11>予測比較!$B$4),"対象終了日≦実績確認日≦実績基準日を確認",IF(AND(OR(F11="受注",F11="失注"),OR(H11<=予測比較!$B$3,H11>I11)),"予測基準日＜決着日≦実績確認日を確認","確認済み"))))))))))))))))) -> 確認済み | O11: =IF(N11="","",IF(N11="確認済み",0,1)) -> 0 | P11: =IF(COUNTA(A11:I11)=0,IF(AND(N11="",O11="",J11="",K11="",L11="",M11=""),0,1),IF(NOT(AND(ISTEXT(N11),N11=IF(COUNTA(A11:I11)=0,"",IF(NOT(AND(ISTEXT(A11),LEN(A11)=8,EXACT(LEFT(A11,4),"OPP-"),ISNUMBER(FIND(MID(A11,5,1)&"x","0x1x2x3x4x5x6x7x8x9x")),ISNUMBER(FIND(MID(A11,6,1)&"x","0x1x2x3x4x5x6x7x8x9x")),ISNUMBER(FIND(MID(A11,7,1)&"x","0x1x2x3x4x5x6x7x8x9x")),ISNUMBER(FIND(MID(A11,8,1)&"x","0x1x2x3x4x5x6x7x8x9x")))),"案件IDはOPP-と半角数字4桁",IF(COUNTIFS($A$8:$A$57,A11)>1,"案件IDが重複",IF(NOT(IF(ISNUMBER(B11),AND(B11>=0,B11<=1000000000,B11=INT(B11)),FALSE())),"元の見込額は0〜10億円の整数で必須",IF(NOT(IF(ISNUMBER(C11),AND(C11>=0,C11<=100,C11=INT(C11)),FALSE())),"元の確度は0〜100の整数で必須",IF(NOT(IF(ISNUMBER(D11),AND(D11>=43831,D11<73051,D11=INT(D11)),FALSE())),"元の予定日は時刻なしで必須",IF(NOT(IF(ISNUMBER(E11),AND(E11>=43831,E11<73051,E11=INT(E11)),FALSE())),"予測記録確認日は時刻なしで必須",IF(E11>予測比較!$B$3,"予測記録確認日が予測基準日より後",IF(D11<=予測比較!$B$3,"元の予定日は予測基準日より後",IF(NOT(OR(F11="受注",F11="失注",F11="継続",F11="未確認")),"実績区分を確認",IF(AND(F11="受注",NOT(IF(ISNUMBER(G11),AND(G11>=0,G11<=1000000000,G11=INT(G11)),FALSE()))),"受注額は0〜10億円の整数で必須",IF(AND(F11<>"受注",COUNTA(G11)>0),"受注以外は受注額を空欄",IF(AND(OR(F11="受注",F11="失注"),NOT(IF(ISNUMBER(H11),AND(H11>=43831,H11<73051,H11=INT(H11)),FALSE()))),"受注/失注は決着日が必須",IF(AND(NOT(OR(F11="受注",F11="失注")),COUNTA(H11)>0),"継続/未確認の決着日は空欄",IF(NOT(IF(ISNUMBER(I11),AND(I11>=43831,I11<73051,I11=INT(I11)),FALSE())),"実績記録確認日は時刻なしで必須",IF(OR(I11<予測比較!$H$3,I11>予測比較!$B$4),"対象終了日≦実績確認日≦実績基準日を確認",IF(AND(OR(F11="受注",F11="失注"),OR(H11<=予測比較!$B$3,H11>I11)),"予測基準日＜決着日≦実績確認日を確認","確認済み"))))))))))))))))),ISNUMBER(O11),O11=IF(N11="確認済み",0,1))),1,IF(O11<>0,0,IF(AND(ISNUMBER(J11),J11=IF(AND(D11>=予測比較!$E$3,D11<=予測比較!$H$3),1,0),IF(J11=1,ISNUMBER(K11),ISTEXT(K11)),K11=IF(J11=1,ROUND(B11*C11/100,0),""),IF(AND(J11=1,F11<>"未確認"),ISNUMBER(L11),ISTEXT(L11)),L11=IF(J11<>1,"",IF(F11="未確認","",IF(AND(F11="受注",H11>=予測比較!$E$3,H11<=予測比較!$H$3),G11,0))),IF(AND(J11=1,F11<>"未確認"),ISNUMBER(M11),ISTEXT(M11)),M11=IF(J11<>1,"",IF(F11="未確認","",L11-K11))),0,1)))) -> 0
A12: OPP-0005 | B12: 120000 | C12: 100 | D12: 46327 | E12: 46295 | F12: 受注 | G12: 100000 | H12: 46310 | I12: 46331 | J12: =IF(N12="","",IF(O12<>0,NA(),IF(AND(D12>=予測比較!$E$3,D12<=予測比較!$H$3),1,0))) -> 0 | K12: =IF(N12="","",IF(O12<>0,NA(),IF(J12=1,ROUND(B12*C12/100,0),""))) | L12: =IF(N12="","",IF(O12<>0,NA(),IF(J12<>1,"",IF(F12="未確認","",IF(AND(F12="受注",H12>=予測比較!$E$3,H12<=予測比較!$H$3),G12,0))))) | M12: =IF(N12="","",IF(O12<>0,NA(),IF(J12<>1,"",IF(F12="未確認","",L12-K12)))) | N12: =IF(COUNTA(A12:I12)=0,"",IF(NOT(AND(ISTEXT(A12),LEN(A12)=8,EXACT(LEFT(A12,4),"OPP-"),ISNUMBER(FIND(MID(A12,5,1)&"x","0x1x2x3x4x5x6x7x8x9x")),ISNUMBER(FIND(MID(A12,6,1)&"x","0x1x2x3x4x5x6x7x8x9x")),ISNUMBER(FIND(MID(A12,7,1)&"x","0x1x2x3x4x5x6x7x8x9x")),ISNUMBER(FIND(MID(A12,8,1)&"x","0x1x2x3x4x5x6x7x8x9x")))),"案件IDはOPP-と半角数字4桁",IF(COUNTIFS($A$8:$A$57,A12)>1,"案件IDが重複",IF(NOT(IF(ISNUMBER(B12),AND(B12>=0,B12<=1000000000,B12=INT(B12)),FALSE())),"元の見込額は0〜10億円の整数で必須",IF(NOT(IF(ISNUMBER(C12),AND(C12>=0,C12<=100,C12=INT(C12)),FALSE())),"元の確度は0〜100の整数で必須",IF(NOT(IF(ISNUMBER(D12),AND(D12>=43831,D12<73051,D12=INT(D12)),FALSE())),"元の予定日は時刻なしで必須",IF(NOT(IF(ISNUMBER(E12),AND(E12>=43831,E12<73051,E12=INT(E12)),FALSE())),"予測記録確認日は時刻なしで必須",IF(E12>予測比較!$B$3,"予測記録確認日が予測基準日より後",IF(D12<=予測比較!$B$3,"元の予定日は予測基準日より後",IF(NOT(OR(F12="受注",F12="失注",F12="継続",F12="未確認")),"実績区分を確認",IF(AND(F12="受注",NOT(IF(ISNUMBER(G12),AND(G12>=0,G12<=1000000000,G12=INT(G12)),FALSE()))),"受注額は0〜10億円の整数で必須",IF(AND(F12<>"受注",COUNTA(G12)>0),"受注以外は受注額を空欄",IF(AND(OR(F12="受注",F12="失注"),NOT(IF(ISNUMBER(H12),AND(H12>=43831,H12<73051,H12=INT(H12)),FALSE()))),"受注/失注は決着日が必須",IF(AND(NOT(OR(F12="受注",F12="失注")),COUNTA(H12)>0),"継続/未確認の決着日は空欄",IF(NOT(IF(ISNUMBER(I12),AND(I12>=43831,I12<73051,I12=INT(I12)),FALSE())),"実績記録確認日は時刻なしで必須",IF(OR(I12<予測比較!$H$3,I12>予測比較!$B$4),"対象終了日≦実績確認日≦実績基準日を確認",IF(AND(OR(F12="受注",F12="失注"),OR(H12<=予測比較!$B$3,H12>I12)),"予測基準日＜決着日≦実績確認日を確認","確認済み"))))))))))))))))) -> 確認済み | O12: =IF(N12="","",IF(N12="確認済み",0,1)) -> 0 | P12: =IF(COUNTA(A12:I12)=0,IF(AND(N12="",O12="",J12="",K12="",L12="",M12=""),0,1),IF(NOT(AND(ISTEXT(N12),N12=IF(COUNTA(A12:I12)=0,"",IF(NOT(AND(ISTEXT(A12),LEN(A12)=8,EXACT(LEFT(A12,4),"OPP-"),ISNUMBER(FIND(MID(A12,5,1)&"x","0x1x2x3x4x5x6x7x8x9x")),ISNUMBER(FIND(MID(A12,6,1)&"x","0x1x2x3x4x5x6x7x8x9x")),ISNUMBER(FIND(MID(A12,7,1)&"x","0x1x2x3x4x5x6x7x8x9x")),ISNUMBER(FIND(MID(A12,8,1)&"x","0x1x2x3x4x5x6x7x8x9x")))),"案件IDはOPP-と半角数字4桁",IF(COUNTIFS($A$8:$A$57,A12)>1,"案件IDが重複",IF(NOT(IF(ISNUMBER(B12),AND(B12>=0,B12<=1000000000,B12=INT(B12)),FALSE())),"元の見込額は0〜10億円の整数で必須",IF(NOT(IF(ISNUMBER(C12),AND(C12>=0,C12<=100,C12=INT(C12)),FALSE())),"元の確度は0〜100の整数で必須",IF(NOT(IF(ISNUMBER(D12),AND(D12>=43831,D12<73051,D12=INT(D12)),FALSE())),"元の予定日は時刻なしで必須",IF(NOT(IF(ISNUMBER(E12),AND(E12>=43831,E12<73051,E12=INT(E12)),FALSE())),"予測記録確認日は時刻なしで必須",IF(E12>予測比較!$B$3,"予測記録確認日が予測基準日より後",IF(D12<=予測比較!$B$3,"元の予定日は予測基準日より後",IF(NOT(OR(F12="受注",F12="失注",F12="継続",F12="未確認")),"実績区分を確認",IF(AND(F12="受注",NOT(IF(ISNUMBER(G12),AND(G12>=0,G12<=1000000000,G12=INT(G12)),FALSE()))),"受注額は0〜10億円の整数で必須",IF(AND(F12<>"受注",COUNTA(G12)>0),"受注以外は受注額を空欄",IF(AND(OR(F12="受注",F12="失注"),NOT(IF(ISNUMBER(H12),AND(H12>=43831,H12<73051,H12=INT(H12)),FALSE()))),"受注/失注は決着日が必須",IF(AND(NOT(OR(F12="受注",F12="失注")),COUNTA(H12)>0),"継続/未確認の決着日は空欄",IF(NOT(IF(ISNUMBER(I12),AND(I12>=43831,I12<73051,I12=INT(I12)),FALSE())),"実績記録確認日は時刻なしで必須",IF(OR(I12<予測比較!$H$3,I12>予測比較!$B$4),"対象終了日≦実績確認日≦実績基準日を確認",IF(AND(OR(F12="受注",F12="失注"),OR(H12<=予測比較!$B$3,H12>I12)),"予測基準日＜決着日≦実績確認日を確認","確認済み"))))))))))))))))),ISNUMBER(O12),O12=IF(N12="確認済み",0,1))),1,IF(O12<>0,0,IF(AND(ISNUMBER(J12),J12=IF(AND(D12>=予測比較!$E$3,D12<=予測比較!$H$3),1,0),IF(J12=1,ISNUMBER(K12),ISTEXT(K12)),K12=IF(J12=1,ROUND(B12*C12/100,0),""),IF(AND(J12=1,F12<>"未確認"),ISNUMBER(L12),ISTEXT(L12)),L12=IF(J12<>1,"",IF(F12="未確認","",IF(AND(F12="受注",H12>=予測比較!$E$3,H12<=予測比較!$H$3),G12,0))),IF(AND(J12=1,F12<>"未確認"),ISNUMBER(M12),ISTEXT(M12)),M12=IF(J12<>1,"",IF(F12="未確認","",L12-K12))),0,1)))) -> 0
A13: OPP-0006 | B13: 60000 | C13: 40 | D13: 46310 | E13: 46295 | F13: 受注 | G13: 70000 | H13: 46328 | I13: 46331 | J13: =IF(N13="","",IF(O13<>0,NA(),IF(AND(D13>=予測比較!$E$3,D13<=予測比較!$H$3),1,0))) -> 1 | K13: =IF(N13="","",IF(O13<>0,NA(),IF(J13=1,ROUND(B13*C13/100,0),""))) -> 24000 | L13: =IF(N13="","",IF(O13<>0,NA(),IF(J13<>1,"",IF(F13="未確認","",IF(AND(F13="受注",H13>=予測比較!$E$3,H13<=予測比較!$H$3),G13,0))))) -> 0 | M13: =IF(N13="","",IF(O13<>0,NA(),IF(J13<>1,"",IF(F13="未確認","",L13-K13)))) -> -24000 | N13: =IF(COUNTA(A13:I13)=0,"",IF(NOT(AND(ISTEXT(A13),LEN(A13)=8,EXACT(LEFT(A13,4),"OPP-"),ISNUMBER(FIND(MID(A13,5,1)&"x","0x1x2x3x4x5x6x7x8x9x")),ISNUMBER(FIND(MID(A13,6,1)&"x","0x1x2x3x4x5x6x7x8x9x")),ISNUMBER(FIND(MID(A13,7,1)&"x","0x1x2x3x4x5x6x7x8x9x")),ISNUMBER(FIND(MID(A13,8,1)&"x","0x1x2x3x4x5x6x7x8x9x")))),"案件IDはOPP-と半角数字4桁",IF(COUNTIFS($A$8:$A$57,A13)>1,"案件IDが重複",IF(NOT(IF(ISNUMBER(B13),AND(B13>=0,B13<=1000000000,B13=INT(B13)),FALSE())),"元の見込額は0〜10億円の整数で必須",IF(NOT(IF(ISNUMBER(C13),AND(C13>=0,C13<=100,C13=INT(C13)),FALSE())),"元の確度は0〜100の整数で必須",IF(NOT(IF(ISNUMBER(D13),AND(D13>=43831,D13<73051,D13=INT(D13)),FALSE())),"元の予定日は時刻なしで必須",IF(NOT(IF(ISNUMBER(E13),AND(E13>=43831,E13<73051,E13=INT(E13)),FALSE())),"予測記録確認日は時刻なしで必須",IF(E13>予測比較!$B$3,"予測記録確認日が予測基準日より後",IF(D13<=予測比較!$B$3,"元の予定日は予測基準日より後",IF(NOT(OR(F13="受注",F13="失注",F13="継続",F13="未確認")),"実績区分を確認",IF(AND(F13="受注",NOT(IF(ISNUMBER(G13),AND(G13>=0,G13<=1000000000,G13=INT(G13)),FALSE()))),"受注額は0〜10億円の整数で必須",IF(AND(F13<>"受注",COUNTA(G13)>0),"受注以外は受注額を空欄",IF(AND(OR(F13="受注",F13="失注"),NOT(IF(ISNUMBER(H13),AND(H13>=43831,H13<73051,H13=INT(H13)),FALSE()))),"受注/失注は決着日が必須",IF(AND(NOT(OR(F13="受注",F13="失注")),COUNTA(H13)>0),"継続/未確認の決着日は空欄",IF(NOT(IF(ISNUMBER(I13),AND(I13>=43831,I13<73051,I13=INT(I13)),FALSE())),"実績記録確認日は時刻なしで必須",IF(OR(I13<予測比較!$H$3,I13>予測比較!$B$4),"対象終了日≦実績確認日≦実績基準日を確認",IF(AND(OR(F13="受注",F13="失注"),OR(H13<=予測比較!$B$3,H13>I13)),"予測基準日＜決着日≦実績確認日を確認","確認済み"))))))))))))))))) -> 確認済み | O13: =IF(N13="","",IF(N13="確認済み",0,1)) -> 0 | P13: =IF(COUNTA(A13:I13)=0,IF(AND(N13="",O13="",J13="",K13="",L13="",M13=""),0,1),IF(NOT(AND(ISTEXT(N13),N13=IF(COUNTA(A13:I13)=0,"",IF(NOT(AND(ISTEXT(A13),LEN(A13)=8,EXACT(LEFT(A13,4),"OPP-"),ISNUMBER(FIND(MID(A13,5,1)&"x","0x1x2x3x4x5x6x7x8x9x")),ISNUMBER(FIND(MID(A13,6,1)&"x","0x1x2x3x4x5x6x7x8x9x")),ISNUMBER(FIND(MID(A13,7,1)&"x","0x1x2x3x4x5x6x7x8x9x")),ISNUMBER(FIND(MID(A13,8,1)&"x","0x1x2x3x4x5x6x7x8x9x")))),"案件IDはOPP-と半角数字4桁",IF(COUNTIFS($A$8:$A$57,A13)>1,"案件IDが重複",IF(NOT(IF(ISNUMBER(B13),AND(B13>=0,B13<=1000000000,B13=INT(B13)),FALSE())),"元の見込額は0〜10億円の整数で必須",IF(NOT(IF(ISNUMBER(C13),AND(C13>=0,C13<=100,C13=INT(C13)),FALSE())),"元の確度は0〜100の整数で必須",IF(NOT(IF(ISNUMBER(D13),AND(D13>=43831,D13<73051,D13=INT(D13)),FALSE())),"元の予定日は時刻なしで必須",IF(NOT(IF(ISNUMBER(E13),AND(E13>=43831,E13<73051,E13=INT(E13)),FALSE())),"予測記録確認日は時刻なしで必須",IF(E13>予測比較!$B$3,"予測記録確認日が予測基準日より後",IF(D13<=予測比較!$B$3,"元の予定日は予測基準日より後",IF(NOT(OR(F13="受注",F13="失注",F13="継続",F13="未確認")),"実績区分を確認",IF(AND(F13="受注",NOT(IF(ISNUMBER(G13),AND(G13>=0,G13<=1000000000,G13=INT(G13)),FALSE()))),"受注額は0〜10億円の整数で必須",IF(AND(F13<>"受注",COUNTA(G13)>0),"受注以外は受注額を空欄",IF(AND(OR(F13="受注",F13="失注"),NOT(IF(ISNUMBER(H13),AND(H13>=43831,H13<73051,H13=INT(H13)),FALSE()))),"受注/失注は決着日が必須",IF(AND(NOT(OR(F13="受注",F13="失注")),COUNTA(H13)>0),"継続/未確認の決着日は空欄",IF(NOT(IF(ISNUMBER(I13),AND(I13>=43831,I13<73051,I13=INT(I13)),FALSE())),"実績記録確認日は時刻なしで必須",IF(OR(I13<予測比較!$H$3,I13>予測比較!$B$4),"対象終了日≦実績確認日≦実績基準日を確認",IF(AND(OR(F13="受注",F13="失注"),OR(H13<=予測比較!$B$3,H13>I13)),"予測基準日＜決着日≦実績確認日を確認","確認済み"))))))))))))))))),ISNUMBER(O13),O13=IF(N13="確認済み",0,1))),1,IF(O13<>0,0,IF(AND(ISNUMBER(J13),J13=IF(AND(D13>=予測比較!$E$3,D13<=予測比較!$H$3),1,0),IF(J13=1,ISNUMBER(K13),ISTEXT(K13)),K13=IF(J13=1,ROUND(B13*C13/100,0),""),IF(AND(J13=1,F13<>"未確認"),ISNUMBER(L13),ISTEXT(L13)),L13=IF(J13<>1,"",IF(F13="未確認","",IF(AND(F13="受注",H13>=予測比較!$E$3,H13<=予測比較!$H$3),G13,0))),IF(AND(J13=1,F13<>"未確認"),ISNUMBER(M13),ISTEXT(M13)),M13=IF(J13<>1,"",IF(F13="未確認","",L13-K13))),0,1)))) -> 0
A14: OPP-0007 | B14: 1 | C14: 50 | D14: 46320 | E14: 46295 | F14: 受注 | G14: 0 | H14: 46320 | I14: 46331 | J14: =IF(N14="","",IF(O14<>0,NA(),IF(AND(D14>=予測比較!$E$3,D14<=予測比較!$H$3),1,0))) -> 1 | K14: =IF(N14="","",IF(O14<>0,NA(),IF(J14=1,ROUND(B14*C14/100,0),""))) -> 1 | L14: =IF(N14="","",IF(O14<>0,NA(),IF(J14<>1,"",IF(F14="未確認","",IF(AND(F14="受注",H14>=予測比較!$E$3,H14<=予測比較!$H$3),G14,0))))) -> 0 | M14: =IF(N14="","",IF(O14<>0,NA(),IF(J14<>1,"",IF(F14="未確認","",L14-K14)))) -> -1 | N14: =IF(COUNTA(A14:I14)=0,"",IF(NOT(AND(ISTEXT(A14),LEN(A14)=8,EXACT(LEFT(A14,4),"OPP-"),ISNUMBER(FIND(MID(A14,5,1)&"x","0x1x2x3x4x5x6x7x8x9x")),ISNUMBER(FIND(MID(A14,6,1)&"x","0x1x2x3x4x5x6x7x8x9x")),ISNUMBER(FIND(MID(A14,7,1)&"x","0x1x2x3x4x5x6x7x8x9x")),ISNUMBER(FIND(MID(A14,8,1)&"x","0x1x2x3x4x5x6x7x8x9x")))),"案件IDはOPP-と半角数字4桁",IF(COUNTIFS($A$8:$A$57,A14)>1,"案件IDが重複",IF(NOT(IF(ISNUMBER(B14),AND(B14>=0,B14<=1000000000,B14=INT(B14)),FALSE())),"元の見込額は0〜10億円の整数で必須",IF(NOT(IF(ISNUMBER(C14),AND(C14>=0,C14<=100,C14=INT(C14)),FALSE())),"元の確度は0〜100の整数で必須",IF(NOT(IF(ISNUMBER(D14),AND(D14>=43831,D14<73051,D14=INT(D14)),FALSE())),"元の予定日は時刻なしで必須",IF(NOT(IF(ISNUMBER(E14),AND(E14>=43831,E14<73051,E14=INT(E14)),FALSE())),"予測記録確認日は時刻なしで必須",IF(E14>予測比較!$B$3,"予測記録確認日が予測基準日より後",IF(D14<=予測比較!$B$3,"元の予定日は予測基準日より後",IF(NOT(OR(F14="受注",F14="失注",F14="継続",F14="未確認")),"実績区分を確認",IF(AND(F14="受注",NOT(IF(ISNUMBER(G14),AND(G14>=0,G14<=1000000000,G14=INT(G14)),FALSE()))),"受注額は0〜10億円の整数で必須",IF(AND(F14<>"受注",COUNTA(G14)>0),"受注以外は受注額を空欄",IF(AND(OR(F14="受注",F14="失注"),NOT(IF(ISNUMBER(H14),AND(H14>=43831,H14<73051,H14=INT(H14)),FALSE()))),"受注/失注は決着日が必須",IF(AND(NOT(OR(F14="受注",F14="失注")),COUNTA(H14)>0),"継続/未確認の決着日は空欄",IF(NOT(IF(ISNUMBER(I14),AND(I14>=43831,I14<73051,I14=INT(I14)),FALSE())),"実績記録確認日は時刻なしで必須",IF(OR(I14<予測比較!$H$3,I14>予測比較!$B$4),"対象終了日≦実績確認日≦実績基準日を確認",IF(AND(OR(F14="受注",F14="失注"),OR(H14<=予測比較!$B$3,H14>I14)),"予測基準日＜決着日≦実績確認日を確認","確認済み"))))))))))))))))) -> 確認済み | O14: =IF(N14="","",IF(N14="確認済み",0,1)) -> 0 | P14: =IF(COUNTA(A14:I14)=0,IF(AND(N14="",O14="",J14="",K14="",L14="",M14=""),0,1),IF(NOT(AND(ISTEXT(N14),N14=IF(COUNTA(A14:I14)=0,"",IF(NOT(AND(ISTEXT(A14),LEN(A14)=8,EXACT(LEFT(A14,4),"OPP-"),ISNUMBER(FIND(MID(A14,5,1)&"x","0x1x2x3x4x5x6x7x8x9x")),ISNUMBER(FIND(MID(A14,6,1)&"x","0x1x2x3x4x5x6x7x8x9x")),ISNUMBER(FIND(MID(A14,7,1)&"x","0x1x2x3x4x5x6x7x8x9x")),ISNUMBER(FIND(MID(A14,8,1)&"x","0x1x2x3x4x5x6x7x8x9x")))),"案件IDはOPP-と半角数字4桁",IF(COUNTIFS($A$8:$A$57,A14)>1,"案件IDが重複",IF(NOT(IF(ISNUMBER(B14),AND(B14>=0,B14<=1000000000,B14=INT(B14)),FALSE())),"元の見込額は0〜10億円の整数で必須",IF(NOT(IF(ISNUMBER(C14),AND(C14>=0,C14<=100,C14=INT(C14)),FALSE())),"元の確度は0〜100の整数で必須",IF(NOT(IF(ISNUMBER(D14),AND(D14>=43831,D14<73051,D14=INT(D14)),FALSE())),"元の予定日は時刻なしで必須",IF(NOT(IF(ISNUMBER(E14),AND(E14>=43831,E14<73051,E14=INT(E14)),FALSE())),"予測記録確認日は時刻なしで必須",IF(E14>予測比較!$B$3,"予測記録確認日が予測基準日より後",IF(D14<=予測比較!$B$3,"元の予定日は予測基準日より後",IF(NOT(OR(F14="受注",F14="失注",F14="継続",F14="未確認")),"実績区分を確認",IF(AND(F14="受注",NOT(IF(ISNUMBER(G14),AND(G14>=0,G14<=1000000000,G14=INT(G14)),FALSE()))),"受注額は0〜10億円の整数で必須",IF(AND(F14<>"受注",COUNTA(G14)>0),"受注以外は受注額を空欄",IF(AND(OR(F14="受注",F14="失注"),NOT(IF(ISNUMBER(H14),AND(H14>=43831,H14<73051,H14=INT(H14)),FALSE()))),"受注/失注は決着日が必須",IF(AND(NOT(OR(F14="受注",F14="失注")),COUNTA(H14)>0),"継続/未確認の決着日は空欄",IF(NOT(IF(ISNUMBER(I14),AND(I14>=43831,I14<73051,I14=INT(I14)),FALSE())),"実績記録確認日は時刻なしで必須",IF(OR(I14<予測比較!$H$3,I14>予測比較!$B$4),"対象終了日≦実績確認日≦実績基準日を確認",IF(AND(OR(F14="受注",F14="失注"),OR(H14<=予測比較!$B$3,H14>I14)),"予測基準日＜決着日≦実績確認日を確認","確認済み"))))))))))))))))),ISNUMBER(O14),O14=IF(N14="確認済み",0,1))),1,IF(O14<>0,0,IF(AND(ISNUMBER(J14),J14=IF(AND(D14>=予測比較!$E$3,D14<=予測比較!$H$3),1,0),IF(J14=1,ISNUMBER(K14),ISTEXT(K14)),K14=IF(J14=1,ROUND(B14*C14/100,0),""),IF(AND(J14=1,F14<>"未確認"),ISNUMBER(L14),ISTEXT(L14)),L14=IF(J14<>1,"",IF(F14="未確認","",IF(AND(F14="受注",H14>=予測比較!$E$3,H14<=予測比較!$H$3),G14,0))),IF(AND(J14=1,F14<>"未確認"),ISNUMBER(M14),ISTEXT(M14)),M14=IF(J14<>1,"",IF(F14="未確認","",L14-K14))),0,1)))) -> 0
A15: OPP-0008 | B15: 1 | C15: 50 | D15: 46321 | E15: 46295 | F15: 継続 | I15: 46331 | J15: =IF(N15="","",IF(O15<>0,NA(),IF(AND(D15>=予測比較!$E$3,D15<=予測比較!$H$3),1,0))) -> 1 | K15: =IF(N15="","",IF(O15<>0,NA(),IF(J15=1,ROUND(B15*C15/100,0),""))) -> 1 | L15: =IF(N15="","",IF(O15<>0,NA(),IF(J15<>1,"",IF(F15="未確認","",IF(AND(F15="受注",H15>=予測比較!$E$3,H15<=予測比較!$H$3),G15,0))))) -> 0 | M15: =IF(N15="","",IF(O15<>0,NA(),IF(J15<>1,"",IF(F15="未確認","",L15-K15)))) -> -1 | N15: =IF(COUNTA(A15:I15)=0,"",IF(NOT(AND(ISTEXT(A15),LEN(A15)=8,EXACT(LEFT(A15,4),"OPP-"),ISNUMBER(FIND(MID(A15,5,1)&"x","0x1x2x3x4x5x6x7x8x9x")),ISNUMBER(FIND(MID(A15,6,1)&"x","0x1x2x3x4x5x6x7x8x9x")),ISNUMBER(FIND(MID(A15,7,1)&"x","0x1x2x3x4x5x6x7x8x9x")),ISNUMBER(FIND(MID(A15,8,1)&"x","0x1x2x3x4x5x6x7x8x9x")))),"案件IDはOPP-と半角数字4桁",IF(COUNTIFS($A$8:$A$57,A15)>1,"案件IDが重複",IF(NOT(IF(ISNUMBER(B15),AND(B15>=0,B15<=1000000000,B15=INT(B15)),FALSE())),"元の見込額は0〜10億円の整数で必須",IF(NOT(IF(ISNUMBER(C15),AND(C15>=0,C15<=100,C15=INT(C15)),FALSE())),"元の確度は0〜100の整数で必須",IF(NOT(IF(ISNUMBER(D15),AND(D15>=43831,D15<73051,D15=INT(D15)),FALSE())),"元の予定日は時刻なしで必須",IF(NOT(IF(ISNUMBER(E15),AND(E15>=43831,E15<73051,E15=INT(E15)),FALSE())),"予測記録確認日は時刻なしで必須",IF(E15>予測比較!$B$3,"予測記録確認日が予測基準日より後",IF(D15<=予測比較!$B$3,"元の予定日は予測基準日より後",IF(NOT(OR(F15="受注",F15="失注",F15="継続",F15="未確認")),"実績区分を確認",IF(AND(F15="受注",NOT(IF(ISNUMBER(G15),AND(G15>=0,G15<=1000000000,G15=INT(G15)),FALSE()))),"受注額は0〜10億円の整数で必須",IF(AND(F15<>"受注",COUNTA(G15)>0),"受注以外は受注額を空欄",IF(AND(OR(F15="受注",F15="失注"),NOT(IF(ISNUMBER(H15),AND(H15>=43831,H15<73051,H15=INT(H15)),FALSE()))),"受注/失注は決着日が必須",IF(AND(NOT(OR(F15="受注",F15="失注")),COUNTA(H15)>0),"継続/未確認の決着日は空欄",IF(NOT(IF(ISNUMBER(I15),AND(I15>=43831,I15<73051,I15=INT(I15)),FALSE())),"実績記録確認日は時刻なしで必須",IF(OR(I15<予測比較!$H$3,I15>予測比較!$B$4),"対象終了日≦実績確認日≦実績基準日を確認",IF(AND(OR(F15="受注",F15="失注"),OR(H15<=予測比較!$B$3,H15>I15)),"予測基準日＜決着日≦実績確認日を確認","確認済み"))))))))))))))))) -> 確認済み | O15: =IF(N15="","",IF(N15="確認済み",0,1)) -> 0 | P15: =IF(COUNTA(A15:I15)=0,IF(AND(N15="",O15="",J15="",K15="",L15="",M15=""),0,1),IF(NOT(AND(ISTEXT(N15),N15=IF(COUNTA(A15:I15)=0,"",IF(NOT(AND(ISTEXT(A15),LEN(A15)=8,EXACT(LEFT(A15,4),"OPP-"),ISNUMBER(FIND(MID(A15,5,1)&"x","0x1x2x3x4x5x6x7x8x9x")),ISNUMBER(FIND(MID(A15,6,1)&"x","0x1x2x3x4x5x6x7x8x9x")),ISNUMBER(FIND(MID(A15,7,1)&"x","0x1x2x3x4x5x6x7x8x9x")),ISNUMBER(FIND(MID(A15,8,1)&"x","0x1x2x3x4x5x6x7x8x9x")))),"案件IDはOPP-と半角数字4桁",IF(COUNTIFS($A$8:$A$57,A15)>1,"案件IDが重複",IF(NOT(IF(ISNUMBER(B15),AND(B15>=0,B15<=1000000000,B15=INT(B15)),FALSE())),"元の見込額は0〜10億円の整数で必須",IF(NOT(IF(ISNUMBER(C15),AND(C15>=0,C15<=100,C15=INT(C15)),FALSE())),"元の確度は0〜100の整数で必須",IF(NOT(IF(ISNUMBER(D15),AND(D15>=43831,D15<73051,D15=INT(D15)),FALSE())),"元の予定日は時刻なしで必須",IF(NOT(IF(ISNUMBER(E15),AND(E15>=43831,E15<73051,E15=INT(E15)),FALSE())),"予測記録確認日は時刻なしで必須",IF(E15>予測比較!$B$3,"予測記録確認日が予測基準日より後",IF(D15<=予測比較!$B$3,"元の予定日は予測基準日より後",IF(NOT(OR(F15="受注",F15="失注",F15="継続",F15="未確認")),"実績区分を確認",IF(AND(F15="受注",NOT(IF(ISNUMBER(G15),AND(G15>=0,G15<=1000000000,G15=INT(G15)),FALSE()))),"受注額は0〜10億円の整数で必須",IF(AND(F15<>"受注",COUNTA(G15)>0),"受注以外は受注額を空欄",IF(AND(OR(F15="受注",F15="失注"),NOT(IF(ISNUMBER(H15),AND(H15>=43831,H15<73051,H15=INT(H15)),FALSE()))),"受注/失注は決着日が必須",IF(AND(NOT(OR(F15="受注",F15="失注")),COUNTA(H15)>0),"継続/未確認の決着日は空欄",IF(NOT(IF(ISNUMBER(I15),AND(I15>=43831,I15<73051,I15=INT(I15)),FALSE())),"実績記録確認日は時刻なしで必須",IF(OR(I15<予測比較!$H$3,I15>予測比較!$B$4),"対象終了日≦実績確認日≦実績基準日を確認",IF(AND(OR(F15="受注",F15="失注"),OR(H15<=予測比較!$B$3,H15>I15)),"予測基準日＜決着日≦実績確認日を確認","確認済み"))))))))))))))))),ISNUMBER(O15),O15=IF(N15="確認済み",0,1))),1,IF(O15<>0,0,IF(AND(ISNUMBER(J15),J15=IF(AND(D15>=予測比較!$E$3,D15<=予測比較!$H$3),1,0),IF(J15=1,ISNUMBER(K15),ISTEXT(K15)),K15=IF(J15=1,ROUND(B15*C15/100,0),""),IF(AND(J15=1,F15<>"未確認"),ISNUMBER(L15),ISTEXT(L15)),L15=IF(J15<>1,"",IF(F15="未確認","",IF(AND(F15="受注",H15>=予測比較!$E$3,H15<=予測比較!$H$3),G15,0))),IF(AND(J15=1,F15<>"未確認"),ISNUMBER(M15),ISTEXT(M15)),M15=IF(J15<>1,"",IF(F15="未確認","",L15-K15))),0,1)))) -> 0
J16: =IF(N16="","",IF(O16<>0,NA(),IF(AND(D16>=予測比較!$E$3,D16<=予測比較!$H$3),1,0))) | K16: =IF(N16="","",IF(O16<>0,NA(),IF(J16=1,ROUND(B16*C16/100,0),""))) | L16: =IF(N16="","",IF(O16<>0,NA(),IF(J16<>1,"",IF(F16="未確認","",IF(AND(F16="受注",H16>=予測比較!$E$3,H16<=予測比較!$H$3),G16,0))))) | M16: =IF(N16="","",IF(O16<>0,NA(),IF(J16<>1,"",IF(F16="未確認","",L16-K16)))) | N16: =IF(COUNTA(A16:I16)=0,"",IF(NOT(AND(ISTEXT(A16),LEN(A16)=8,EXACT(LEFT(A16,4),"OPP-"),ISNUMBER(FIND(MID(A16,5,1)&"x","0x1x2x3x4x5x6x7x8x9x")),ISNUMBER(FIND(MID(A16,6,1)&"x","0x1x2x3x4x5x6x7x8x9x")),ISNUMBER(FIND(MID(A16,7,1)&"x","0x1x2x3x4x5x6x7x8x9x")),ISNUMBER(FIND(MID(A16,8,1)&"x","0x1x2x3x4x5x6x7x8x9x")))),"案件IDはOPP-と半角数字4桁",IF(COUNTIFS($A$8:$A$57,A16)>1,"案件IDが重複",IF(NOT(IF(ISNUMBER(B16),AND(B16>=0,B16<=1000000000,B16=INT(B16)),FALSE())),"元の見込額は0〜10億円の整数で必須",IF(NOT(IF(ISNUMBER(C16),AND(C16>=0,C16<=100,C16=INT(C16)),FALSE())),"元の確度は0〜100の整数で必須",IF(NOT(IF(ISNUMBER(D16),AND(D16>=43831,D16<73051,D16=INT(D16)),FALSE())),"元の予定日は時刻なしで必須",IF(NOT(IF(ISNUMBER(E16),AND(E16>=43831,E16<73051,E16=INT(E16)),FALSE())),"予測記録確認日は時刻なしで必須",IF(E16>予測比較!$B$3,"予測記録確認日が予測基準日より後",IF(D16<=予測比較!$B$3,"元の予定日は予測基準日より後",IF(NOT(OR(F16="受注",F16="失注",F16="継続",F16="未確認")),"実績区分を確認",IF(AND(F16="受注",NOT(IF(ISNUMBER(G16),AND(G16>=0,G16<=1000000000,G16=INT(G16)),FALSE()))),"受注額は0〜10億円の整数で必須",IF(AND(F16<>"受注",COUNTA(G16)>0),"受注以外は受注額を空欄",IF(AND(OR(F16="受注",F16="失注"),NOT(IF(ISNUMBER(H16),AND(H16>=43831,H16<73051,H16=INT(H16)),FALSE()))),"受注/失注は決着日が必須",IF(AND(NOT(OR(F16="受注",F16="失注")),COUNTA(H16)>0),"継続/未確認の決着日は空欄",IF(NOT(IF(ISNUMBER(I16),AND(I16>=43831,I16<73051,I16=INT(I16)),FALSE())),"実績記録確認日は時刻なしで必須",IF(OR(I16<予測比較!$H$3,I16>予測比較!$B$4),"対象終了日≦実績確認日≦実績基準日を確認",IF(AND(OR(F16="受注",F16="失注"),OR(H16<=予測比較!$B$3,H16>I16)),"予測基準日＜決着日≦実績確認日を確認","確認済み"))))))))))))))))) | O16: =IF(N16="","",IF(N16="確認済み",0,1)) | P16: =IF(COUNTA(A16:I16)=0,IF(AND(N16="",O16="",J16="",K16="",L16="",M16=""),0,1),IF(NOT(AND(ISTEXT(N16),N16=IF(COUNTA(A16:I16)=0,"",IF(NOT(AND(ISTEXT(A16),LEN(A16)=8,EXACT(LEFT(A16,4),"OPP-"),ISNUMBER(FIND(MID(A16,5,1)&"x","0x1x2x3x4x5x6x7x8x9x")),ISNUMBER(FIND(MID(A16,6,1)&"x","0x1x2x3x4x5x6x7x8x9x")),ISNUMBER(FIND(MID(A16,7,1)&"x","0x1x2x3x4x5x6x7x8x9x")),ISNUMBER(FIND(MID(A16,8,1)&"x","0x1x2x3x4x5x6x7x8x9x")))),"案件IDはOPP-と半角数字4桁",IF(COUNTIFS($A$8:$A$57,A16)>1,"案件IDが重複",IF(NOT(IF(ISNUMBER(B16),AND(B16>=0,B16<=1000000000,B16=INT(B16)),FALSE())),"元の見込額は0〜10億円の整数で必須",IF(NOT(IF(ISNUMBER(C16),AND(C16>=0,C16<=100,C16=INT(C16)),FALSE())),"元の確度は0〜100の整数で必須",IF(NOT(IF(ISNUMBER(D16),AND(D16>=43831,D16<73051,D16=INT(D16)),FALSE())),"元の予定日は時刻なしで必須",IF(NOT(IF(ISNUMBER(E16),AND(E16>=43831,E16<73051,E16=INT(E16)),FALSE())),"予測記録確認日は時刻なしで必須",IF(E16>予測比較!$B$3,"予測記録確認日が予測基準日より後",IF(D16<=予測比較!$B$3,"元の予定日は予測基準日より後",IF(NOT(OR(F16="受注",F16="失注",F16="継続",F16="未確認")),"実績区分を確認",IF(AND(F16="受注",NOT(IF(ISNUMBER(G16),AND(G16>=0,G16<=1000000000,G16=INT(G16)),FALSE()))),"受注額は0〜10億円の整数で必須",IF(AND(F16<>"受注",COUNTA(G16)>0),"受注以外は受注額を空欄",IF(AND(OR(F16="受注",F16="失注"),NOT(IF(ISNUMBER(H16),AND(H16>=43831,H16<73051,H16=INT(H16)),FALSE()))),"受注/失注は決着日が必須",IF(AND(NOT(OR(F16="受注",F16="失注")),COUNTA(H16)>0),"継続/未確認の決着日は空欄",IF(NOT(IF(ISNUMBER(I16),AND(I16>=43831,I16<73051,I16=INT(I16)),FALSE())),"実績記録確認日は時刻なしで必須",IF(OR(I16<予測比較!$H$3,I16>予測比較!$B$4),"対象終了日≦実績確認日≦実績基準日を確認",IF(AND(OR(F16="受注",F16="失注"),OR(H16<=予測比較!$B$3,H16>I16)),"予測基準日＜決着日≦実績確認日を確認","確認済み"))))))))))))))))),ISNUMBER(O16),O16=IF(N16="確認済み",0,1))),1,IF(O16<>0,0,IF(AND(ISNUMBER(J16),J16=IF(AND(D16>=予測比較!$E$3,D16<=予測比較!$H$3),1,0),IF(J16=1,ISNUMBER(K16),ISTEXT(K16)),K16=IF(J16=1,ROUND(B16*C16/100,0),""),IF(AND(J16=1,F16<>"未確認"),ISNUMBER(L16),ISTEXT(L16)),L16=IF(J16<>1,"",IF(F16="未確認","",IF(AND(F16="受注",H16>=予測比較!$E$3,H16<=予測比較!$H$3),G16,0))),IF(AND(J16=1,F16<>"未確認"),ISNUMBER(M16),ISTEXT(M16)),M16=IF(J16<>1,"",IF(F16="未確認","",L16-K16))),0,1)))) -> 0
J17: =IF(N17="","",IF(O17<>0,NA(),IF(AND(D17>=予測比較!$E$3,D17<=予測比較!$H$3),1,0))) | K17: =IF(N17="","",IF(O17<>0,NA(),IF(J17=1,ROUND(B17*C17/100,0),""))) | L17: =IF(N17="","",IF(O17<>0,NA(),IF(J17<>1,"",IF(F17="未確認","",IF(AND(F17="受注",H17>=予測比較!$E$3,H17<=予測比較!$H$3),G17,0))))) | M17: =IF(N17="","",IF(O17<>0,NA(),IF(J17<>1,"",IF(F17="未確認","",L17-K17)))) | N17: =IF(COUNTA(A17:I17)=0,"",IF(NOT(AND(ISTEXT(A17),LEN(A17)=8,EXACT(LEFT(A17,4),"OPP-"),ISNUMBER(FIND(MID(A17,5,1)&"x","0x1x2x3x4x5x6x7x8x9x")),ISNUMBER(FIND(MID(A17,6,1)&"x","0x1x2x3x4x5x6x7x8x9x")),ISNUMBER(FIND(MID(A17,7,1)&"x","0x1x2x3x4x5x6x7x8x9x")),ISNUMBER(FIND(MID(A17,8,1)&"x","0x1x2x3x4x5x6x7x8x9x")))),"案件IDはOPP-と半角数字4桁",IF(COUNTIFS($A$8:$A$57,A17)>1,"案件IDが重複",IF(NOT(IF(ISNUMBER(B17),AND(B17>=0,B17<=1000000000,B17=INT(B17)),FALSE())),"元の見込額は0〜10億円の整数で必須",IF(NOT(IF(ISNUMBER(C17),AND(C17>=0,C17<=100,C17=INT(C17)),FALSE())),"元の確度は0〜100の整数で必須",IF(NOT(IF(ISNUMBER(D17),AND(D17>=43831,D17<73051,D17=INT(D17)),FALSE())),"元の予定日は時刻なしで必須",IF(NOT(IF(ISNUMBER(E17),AND(E17>=43831,E17<73051,E17=INT(E17)),FALSE())),"予測記録確認日は時刻なしで必須",IF(E17>予測比較!$B$3,"予測記録確認日が予測基準日より後",IF(D17<=予測比較!$B$3,"元の予定日は予測基準日より後",IF(NOT(OR(F17="受注",F17="失注",F17="継続",F17="未確認")),"実績区分を確認",IF(AND(F17="受注",NOT(IF(ISNUMBER(G17),AND(G17>=0,G17<=1000000000,G17=INT(G17)),FALSE()))),"受注額は0〜10億円の整数で必須",IF(AND(F17<>"受注",COUNTA(G17)>0),"受注以外は受注額を空欄",IF(AND(OR(F17="受注",F17="失注"),NOT(IF(ISNUMBER(H17),AND(H17>=43831,H17<73051,H17=INT(H17)),FALSE()))),"受注/失注は決着日が必須",IF(AND(NOT(OR(F17="受注",F17="失注")),COUNTA(H17)>0),"継続/未確認の決着日は空欄",IF(NOT(IF(ISNUMBER(I17),AND(I17>=43831,I17<73051,I17=INT(I17)),FALSE())),"実績記録確認日は時刻なしで必須",IF(OR(I17<予測比較!$H$3,I17>予測比較!$B$4),"対象終了日≦実績確認日≦実績基準日を確認",IF(AND(OR(F17="受注",F17="失注"),OR(H17<=予測比較!$B$3,H17>I17)),"予測基準日＜決着日≦実績確認日を確認","確認済み"))))))))))))))))) | O17: =IF(N17="","",IF(N17="確認済み",0,1)) | P17: =IF(COUNTA(A17:I17)=0,IF(AND(N17="",O17="",J17="",K17="",L17="",M17=""),0,1),IF(NOT(AND(ISTEXT(N17),N17=IF(COUNTA(A17:I17)=0,"",IF(NOT(AND(ISTEXT(A17),LEN(A17)=8,EXACT(LEFT(A17,4),"OPP-"),ISNUMBER(FIND(MID(A17,5,1)&"x","0x1x2x3x4x5x6x7x8x9x")),ISNUMBER(FIND(MID(A17,6,1)&"x","0x1x2x3x4x5x6x7x8x9x")),ISNUMBER(FIND(MID(A17,7,1)&"x","0x1x2x3x4x5x6x7x8x9x")),ISNUMBER(FIND(MID(A17,8,1)&"x","0x1x2x3x4x5x6x7x8x9x")))),"案件IDはOPP-と半角数字4桁",IF(COUNTIFS($A$8:$A$57,A17)>1,"案件IDが重複",IF(NOT(IF(ISNUMBER(B17),AND(B17>=0,B17<=1000000000,B17=INT(B17)),FALSE())),"元の見込額は0〜10億円の整数で必須",IF(NOT(IF(ISNUMBER(C17),AND(C17>=0,C17<=100,C17=INT(C17)),FALSE())),"元の確度は0〜100の整数で必須",IF(NOT(IF(ISNUMBER(D17),AND(D17>=43831,D17<73051,D17=INT(D17)),FALSE())),"元の予定日は時刻なしで必須",IF(NOT(IF(ISNUMBER(E17),AND(E17>=43831,E17<73051,E17=INT(E17)),FALSE())),"予測記録確認日は時刻なしで必須",IF(E17>予測比較!$B$3,"予測記録確認日が予測基準日より後",IF(D17<=予測比較!$B$3,"元の予定日は予測基準日より後",IF(NOT(OR(F17="受注",F17="失注",F17="継続",F17="未確認")),"実績区分を確認",IF(AND(F17="受注",NOT(IF(ISNUMBER(G17),AND(G17>=0,G17<=1000000000,G17=INT(G17)),FALSE()))),"受注額は0〜10億円の整数で必須",IF(AND(F17<>"受注",COUNTA(G17)>0),"受注以外は受注額を空欄",IF(AND(OR(F17="受注",F17="失注"),NOT(IF(ISNUMBER(H17),AND(H17>=43831,H17<73051,H17=INT(H17)),FALSE()))),"受注/失注は決着日が必須",IF(AND(NOT(OR(F17="受注",F17="失注")),COUNTA(H17)>0),"継続/未確認の決着日は空欄",IF(NOT(IF(ISNUMBER(I17),AND(I17>=43831,I17<73051,I17=INT(I17)),FALSE())),"実績記録確認日は時刻なしで必須",IF(OR(I17<予測比較!$H$3,I17>予測比較!$B$4),"対象終了日≦実績確認日≦実績基準日を確認",IF(AND(OR(F17="受注",F17="失注"),OR(H17<=予測比較!$B$3,H17>I17)),"予測基準日＜決着日≦実績確認日を確認","確認済み"))))))))))))))))),ISNUMBER(O17),O17=IF(N17="確認済み",0,1))),1,IF(O17<>0,0,IF(AND(ISNUMBER(J17),J17=IF(AND(D17>=予測比較!$E$3,D17<=予測比較!$H$3),1,0),IF(J17=1,ISNUMBER(K17),ISTEXT(K17)),K17=IF(J17=1,ROUND(B17*C17/100,0),""),IF(AND(J17=1,F17<>"未確認"),ISNUMBER(L17),ISTEXT(L17)),L17=IF(J17<>1,"",IF(F17="未確認","",IF(AND(F17="受注",H17>=予測比較!$E$3,H17<=予測比較!$H$3),G17,0))),IF(AND(J17=1,F17<>"未確認"),ISNUMBER(M17),ISTEXT(M17)),M17=IF(J17<>1,"",IF(F17="未確認","",L17-K17))),0,1)))) -> 0
J18: =IF(N18="","",IF(O18<>0,NA(),IF(AND(D18>=予測比較!$E$3,D18<=予測比較!$H$3),1,0))) | K18: =IF(N18="","",IF(O18<>0,NA(),IF(J18=1,ROUND(B18*C18/100,0),""))) | L18: =IF(N18="","",IF(O18<>0,NA(),IF(J18<>1,"",IF(F18="未確認","",IF(AND(F18="受注",H18>=予測比較!$E$3,H18<=予測比較!$H$3),G18,0))))) | M18: =IF(N18="","",IF(O18<>0,NA(),IF(J18<>1,"",IF(F18="未確認","",L18-K18)))) | N18: =IF(COUNTA(A18:I18)=0,"",IF(NOT(AND(ISTEXT(A18),LEN(A18)=8,EXACT(LEFT(A18,4),"OPP-"),ISNUMBER(FIND(MID(A18,5,1)&"x","0x1x2x3x4x5x6x7x8x9x")),ISNUMBER(FIND(MID(A18,6,1)&"x","0x1x2x3x4x5x6x7x8x9x")),ISNUMBER(FIND(MID(A18,7,1)&"x","0x1x2x3x4x5x6x7x8x9x")),ISNUMBER(FIND(MID(A18,8,1)&"x","0x1x2x3x4x5x6x7x8x9x")))),"案件IDはOPP-と半角数字4桁",IF(COUNTIFS($A$8:$A$57,A18)>1,"案件IDが重複",IF(NOT(IF(ISNUMBER(B18),AND(B18>=0,B18<=1000000000,B18=INT(B18)),FALSE())),"元の見込額は0〜10億円の整数で必須",IF(NOT(IF(ISNUMBER(C18),AND(C18>=0,C18<=100,C18=INT(C18)),FALSE())),"元の確度は0〜100の整数で必須",IF(NOT(IF(ISNUMBER(D18),AND(D18>=43831,D18<73051,D18=INT(D18)),FALSE())),"元の予定日は時刻なしで必須",IF(NOT(IF(ISNUMBER(E18),AND(E18>=43831,E18<73051,E18=INT(E18)),FALSE())),"予測記録確認日は時刻なしで必須",IF(E18>予測比較!$B$3,"予測記録確認日が予測基準日より後",IF(D18<=予測比較!$B$3,"元の予定日は予測基準日より後",IF(NOT(OR(F18="受注",F18="失注",F18="継続",F18="未確認")),"実績区分を確認",IF(AND(F18="受注",NOT(IF(ISNUMBER(G18),AND(G18>=0,G18<=1000000000,G18=INT(G18)),FALSE()))),"受注額は0〜10億円の整数で必須",IF(AND(F18<>"受注",COUNTA(G18)>0),"受注以外は受注額を空欄",IF(AND(OR(F18="受注",F18="失注"),NOT(IF(ISNUMBER(H18),AND(H18>=43831,H18<73051,H18=INT(H18)),FALSE()))),"受注/失注は決着日が必須",IF(AND(NOT(OR(F18="受注",F18="失注")),COUNTA(H18)>0),"継続/未確認の決着日は空欄",IF(NOT(IF(ISNUMBER(I18),AND(I18>=43831,I18<73051,I18=INT(I18)),FALSE())),"実績記録確認日は時刻なしで必須",IF(OR(I18<予測比較!$H$3,I18>予測比較!$B$4),"対象終了日≦実績確認日≦実績基準日を確認",IF(AND(OR(F18="受注",F18="失注"),OR(H18<=予測比較!$B$3,H18>I18)),"予測基準日＜決着日≦実績確認日を確認","確認済み"))))))))))))))))) | O18: =IF(N18="","",IF(N18="確認済み",0,1)) | P18: =IF(COUNTA(A18:I18)=0,IF(AND(N18="",O18="",J18="",K18="",L18="",M18=""),0,1),IF(NOT(AND(ISTEXT(N18),N18=IF(COUNTA(A18:I18)=0,"",IF(NOT(AND(ISTEXT(A18),LEN(A18)=8,EXACT(LEFT(A18,4),"OPP-"),ISNUMBER(FIND(MID(A18,5,1)&"x","0x1x2x3x4x5x6x7x8x9x")),ISNUMBER(FIND(MID(A18,6,1)&"x","0x1x2x3x4x5x6x7x8x9x")),ISNUMBER(FIND(MID(A18,7,1)&"x","0x1x2x3x4x5x6x7x8x9x")),ISNUMBER(FIND(MID(A18,8,1)&"x","0x1x2x3x4x5x6x7x8x9x")))),"案件IDはOPP-と半角数字4桁",IF(COUNTIFS($A$8:$A$57,A18)>1,"案件IDが重複",IF(NOT(IF(ISNUMBER(B18),AND(B18>=0,B18<=1000000000,B18=INT(B18)),FALSE())),"元の見込額は0〜10億円の整数で必須",IF(NOT(IF(ISNUMBER(C18),AND(C18>=0,C18<=100,C18=INT(C18)),FALSE())),"元の確度は0〜100の整数で必須",IF(NOT(IF(ISNUMBER(D18),AND(D18>=43831,D18<73051,D18=INT(D18)),FALSE())),"元の予定日は時刻なしで必須",IF(NOT(IF(ISNUMBER(E18),AND(E18>=43831,E18<73051,E18=INT(E18)),FALSE())),"予測記録確認日は時刻なしで必須",IF(E18>予測比較!$B$3,"予測記録確認日が予測基準日より後",IF(D18<=予測比較!$B$3,"元の予定日は予測基準日より後",IF(NOT(OR(F18="受注",F18="失注",F18="継続",F18="未確認")),"実績区分を確認",IF(AND(F18="受注",NOT(IF(ISNUMBER(G18),AND(G18>=0,G18<=1000000000,G18=INT(G18)),FALSE()))),"受注額は0〜10億円の整数で必須",IF(AND(F18<>"受注",COUNTA(G18)>0),"受注以外は受注額を空欄",IF(AND(OR(F18="受注",F18="失注"),NOT(IF(ISNUMBER(H18),AND(H18>=43831,H18<73051,H18=INT(H18)),FALSE()))),"受注/失注は決着日が必須",IF(AND(NOT(OR(F18="受注",F18="失注")),COUNTA(H18)>0),"継続/未確認の決着日は空欄",IF(NOT(IF(ISNUMBER(I18),AND(I18>=43831,I18<73051,I18=INT(I18)),FALSE())),"実績記録確認日は時刻なしで必須",IF(OR(I18<予測比較!$H$3,I18>予測比較!$B$4),"対象終了日≦実績確認日≦実績基準日を確認",IF(AND(OR(F18="受注",F18="失注"),OR(H18<=予測比較!$B$3,H18>I18)),"予測基準日＜決着日≦実績確認日を確認","確認済み"))))))))))))))))),ISNUMBER(O18),O18=IF(N18="確認済み",0,1))),1,IF(O18<>0,0,IF(AND(ISNUMBER(J18),J18=IF(AND(D18>=予測比較!$E$3,D18<=予測比較!$H$3),1,0),IF(J18=1,ISNUMBER(K18),ISTEXT(K18)),K18=IF(J18=1,ROUND(B18*C18/100,0),""),IF(AND(J18=1,F18<>"未確認"),ISNUMBER(L18),ISTEXT(L18)),L18=IF(J18<>1,"",IF(F18="未確認","",IF(AND(F18="受注",H18>=予測比較!$E$3,H18<=予測比較!$H$3),G18,0))),IF(AND(J18=1,F18<>"未確認"),ISNUMBER(M18),ISTEXT(M18)),M18=IF(J18<>1,"",IF(F18="未確認","",L18-K18))),0,1)))) -> 0
J19: =IF(N19="","",IF(O19<>0,NA(),IF(AND(D19>=予測比較!$E$3,D19<=予測比較!$H$3),1,0))) | K19: =IF(N19="","",IF(O19<>0,NA(),IF(J19=1,ROUND(B19*C19/100,0),""))) | L19: =IF(N19="","",IF(O19<>0,NA(),IF(J19<>1,"",IF(F19="未確認","",IF(AND(F19="受注",H19>=予測比較!$E$3,H19<=予測比較!$H$3),G19,0))))) | M19: =IF(N19="","",IF(O19<>0,NA(),IF(J19<>1,"",IF(F19="未確認","",L19-K19)))) | N19: =IF(COUNTA(A19:I19)=0,"",IF(NOT(AND(ISTEXT(A19),LEN(A19)=8,EXACT(LEFT(A19,4),"OPP-"),ISNUMBER(FIND(MID(A19,5,1)&"x","0x1x2x3x4x5x6x7x8x9x")),ISNUMBER(FIND(MID(A19,6,1)&"x","0x1x2x3x4x5x6x7x8x9x")),ISNUMBER(FIND(MID(A19,7,1)&"x","0x1x2x3x4x5x6x7x8x9x")),ISNUMBER(FIND(MID(A19,8,1)&"x","0x1x2x3x4x5x6x7x8x9x")))),"案件IDはOPP-と半角数字4桁",IF(COUNTIFS($A$8:$A$57,A19)>1,"案件IDが重複",IF(NOT(IF(ISNUMBER(B19),AND(B19>=0,B19<=1000000000,B19=INT(B19)),FALSE())),"元の見込額は0〜10億円の整数で必須",IF(NOT(IF(ISNUMBER(C19),AND(C19>=0,C19<=100,C19=INT(C19)),FALSE())),"元の確度は0〜100の整数で必須",IF(NOT(IF(ISNUMBER(D19),AND(D19>=43831,D19<73051,D19=INT(D19)),FALSE())),"元の予定日は時刻なしで必須",IF(NOT(IF(ISNUMBER(E19),AND(E19>=43831,E19<73051,E19=INT(E19)),FALSE())),"予測記録確認日は時刻なしで必須",IF(E19>予測比較!$B$3,"予測記録確認日が予測基準日より後",IF(D19<=予測比較!$B$3,"元の予定日は予測基準日より後",IF(NOT(OR(F19="受注",F19="失注",F19="継続",F19="未確認")),"実績区分を確認",IF(AND(F19="受注",NOT(IF(ISNUMBER(G19),AND(G19>=0,G19<=1000000000,G19=INT(G19)),FALSE()))),"受注額は0〜10億円の整数で必須",IF(AND(F19<>"受注",COUNTA(G19)>0),"受注以外は受注額を空欄",IF(AND(OR(F19="受注",F19="失注"),NOT(IF(ISNUMBER(H19),AND(H19>=43831,H19<73051,H19=INT(H19)),FALSE()))),"受注/失注は決着日が必須",IF(AND(NOT(OR(F19="受注",F19="失注")),COUNTA(H19)>0),"継続/未確認の決着日は空欄",IF(NOT(IF(ISNUMBER(I19),AND(I19>=43831,I19<73051,I19=INT(I19)),FALSE())),"実績記録確認日は時刻なしで必須",IF(OR(I19<予測比較!$H$3,I19>予測比較!$B$4),"対象終了日≦実績確認日≦実績基準日を確認",IF(AND(OR(F19="受注",F19="失注"),OR(H19<=予測比較!$B$3,H19>I19)),"予測基準日＜決着日≦実績確認日を確認","確認済み"))))))))))))))))) | O19: =IF(N19="","",IF(N19="確認済み",0,1)) | P19: =IF(COUNTA(A19:I19)=0,IF(AND(N19="",O19="",J19="",K19="",L19="",M19=""),0,1),IF(NOT(AND(ISTEXT(N19),N19=IF(COUNTA(A19:I19)=0,"",IF(NOT(AND(ISTEXT(A19),LEN(A19)=8,EXACT(LEFT(A19,4),"OPP-"),ISNUMBER(FIND(MID(A19,5,1)&"x","0x1x2x3x4x5x6x7x8x9x")),ISNUMBER(FIND(MID(A19,6,1)&"x","0x1x2x3x4x5x6x7x8x9x")),ISNUMBER(FIND(MID(A19,7,1)&"x","0x1x2x3x4x5x6x7x8x9x")),ISNUMBER(FIND(MID(A19,8,1)&"x","0x1x2x3x4x5x6x7x8x9x")))),"案件IDはOPP-と半角数字4桁",IF(COUNTIFS($A$8:$A$57,A19)>1,"案件IDが重複",IF(NOT(IF(ISNUMBER(B19),AND(B19>=0,B19<=1000000000,B19=INT(B19)),FALSE())),"元の見込額は0〜10億円の整数で必須",IF(NOT(IF(ISNUMBER(C19),AND(C19>=0,C19<=100,C19=INT(C19)),FALSE())),"元の確度は0〜100の整数で必須",IF(NOT(IF(ISNUMBER(D19),AND(D19>=43831,D19<73051,D19=INT(D19)),FALSE())),"元の予定日は時刻なしで必須",IF(NOT(IF(ISNUMBER(E19),AND(E19>=43831,E19<73051,E19=INT(E19)),FALSE())),"予測記録確認日は時刻なしで必須",IF(E19>予測比較!$B$3,"予測記録確認日が予測基準日より後",IF(D19<=予測比較!$B$3,"元の予定日は予測基準日より後",IF(NOT(OR(F19="受注",F19="失注",F19="継続",F19="未確認")),"実績区分を確認",IF(AND(F19="受注",NOT(IF(ISNUMBER(G19),AND(G19>=0,G19<=1000000000,G19=INT(G19)),FALSE()))),"受注額は0〜10億円の整数で必須",IF(AND(F19<>"受注",COUNTA(G19)>0),"受注以外は受注額を空欄",IF(AND(OR(F19="受注",F19="失注"),NOT(IF(ISNUMBER(H19),AND(H19>=43831,H19<73051,H19=INT(H19)),FALSE()))),"受注/失注は決着日が必須",IF(AND(NOT(OR(F19="受注",F19="失注")),COUNTA(H19)>0),"継続/未確認の決着日は空欄",IF(NOT(IF(ISNUMBER(I19),AND(I19>=43831,I19<73051,I19=INT(I19)),FALSE())),"実績記録確認日は時刻なしで必須",IF(OR(I19<予測比較!$H$3,I19>予測比較!$B$4),"対象終了日≦実績確認日≦実績基準日を確認",IF(AND(OR(F19="受注",F19="失注"),OR(H19<=予測比較!$B$3,H19>I19)),"予測基準日＜決着日≦実績確認日を確認","確認済み"))))))))))))))))),ISNUMBER(O19),O19=IF(N19="確認済み",0,1))),1,IF(O19<>0,0,IF(AND(ISNUMBER(J19),J19=IF(AND(D19>=予測比較!$E$3,D19<=予測比較!$H$3),1,0),IF(J19=1,ISNUMBER(K19),ISTEXT(K19)),K19=IF(J19=1,ROUND(B19*C19/100,0),""),IF(AND(J19=1,F19<>"未確認"),ISNUMBER(L19),ISTEXT(L19)),L19=IF(J19<>1,"",IF(F19="未確認","",IF(AND(F19="受注",H19>=予測比較!$E$3,H19<=予測比較!$H$3),G19,0))),IF(AND(J19=1,F19<>"未確認"),ISNUMBER(M19),ISTEXT(M19)),M19=IF(J19<>1,"",IF(F19="未確認","",L19-K19))),0,1)))) -> 0
J20: =IF(N20="","",IF(O20<>0,NA(),IF(AND(D20>=予測比較!$E$3,D20<=予測比較!$H$3),1,0))) | K20: =IF(N20="","",IF(O20<>0,NA(),IF(J20=1,ROUND(B20*C20/100,0),""))) | L20: =IF(N20="","",IF(O20<>0,NA(),IF(J20<>1,"",IF(F20="未確認","",IF(AND(F20="受注",H20>=予測比較!$E$3,H20<=予測比較!$H$3),G20,0))))) | M20: =IF(N20="","",IF(O20<>0,NA(),IF(J20<>1,"",IF(F20="未確認","",L20-K20)))) | N20: =IF(COUNTA(A20:I20)=0,"",IF(NOT(AND(ISTEXT(A20),LEN(A20)=8,EXACT(LEFT(A20,4),"OPP-"),ISNUMBER(FIND(MID(A20,5,1)&"x","0x1x2x3x4x5x6x7x8x9x")),ISNUMBER(FIND(MID(A20,6,1)&"x","0x1x2x3x4x5x6x7x8x9x")),ISNUMBER(FIND(MID(A20,7,1)&"x","0x1x2x3x4x5x6x7x8x9x")),ISNUMBER(FIND(MID(A20,8,1)&"x","0x1x2x3x4x5x6x7x8x9x")))),"案件IDはOPP-と半角数字4桁",IF(COUNTIFS($A$8:$A$57,A20)>1,"案件IDが重複",IF(NOT(IF(ISNUMBER(B20),AND(B20>=0,B20<=1000000000,B20=INT(B20)),FALSE())),"元の見込額は0〜10億円の整数で必須",IF(NOT(IF(ISNUMBER(C20),AND(C20>=0,C20<=100,C20=INT(C20)),FALSE())),"元の確度は0〜100の整数で必須",IF(NOT(IF(ISNUMBER(D20),AND(D20>=43831,D20<73051,D20=INT(D20)),FALSE())),"元の予定日は時刻なしで必須",IF(NOT(IF(ISNUMBER(E20),AND(E20>=43831,E20<73051,E20=INT(E20)),FALSE())),"予測記録確認日は時刻なしで必須",IF(E20>予測比較!$B$3,"予測記録確認日が予測基準日より後",IF(D20<=予測比較!$B$3,"元の予定日は予測基準日より後",IF(NOT(OR(F20="受注",F20="失注",F20="継続",F20="未確認")),"実績区分を確認",IF(AND(F20="受注",NOT(IF(ISNUMBER(G20),AND(G20>=0,G20<=1000000000,G20=INT(G20)),FALSE()))),"受注額は0〜10億円の整数で必須",IF(AND(F20<>"受注",COUNTA(G20)>0),"受注以外は受注額を空欄",IF(AND(OR(F20="受注",F20="失注"),NOT(IF(ISNUMBER(H20),AND(H20>=43831,H20<73051,H20=INT(H20)),FALSE()))),"受注/失注は決着日が必須",IF(AND(NOT(OR(F20="受注",F20="失注")),COUNTA(H20)>0),"継続/未確認の決着日は空欄",IF(NOT(IF(ISNUMBER(I20),AND(I20>=43831,I20<73051,I20=INT(I20)),FALSE())),"実績記録確認日は時刻なしで必須",IF(OR(I20<予測比較!$H$3,I20>予測比較!$B$4),"対象終了日≦実績確認日≦実績基準日を確認",IF(AND(OR(F20="受注",F20="失注"),OR(H20<=予測比較!$B$3,H20>I20)),"予測基準日＜決着日≦実績確認日を確認","確認済み"))))))))))))))))) | O20: =IF(N20="","",IF(N20="確認済み",0,1)) | P20: =IF(COUNTA(A20:I20)=0,IF(AND(N20="",O20="",J20="",K20="",L20="",M20=""),0,1),IF(NOT(AND(ISTEXT(N20),N20=IF(COUNTA(A20:I20)=0,"",IF(NOT(AND(ISTEXT(A20),LEN(A20)=8,EXACT(LEFT(A20,4),"OPP-"),ISNUMBER(FIND(MID(A20,5,1)&"x","0x1x2x3x4x5x6x7x8x9x")),ISNUMBER(FIND(MID(A20,6,1)&"x","0x1x2x3x4x5x6x7x8x9x")),ISNUMBER(FIND(MID(A20,7,1)&"x","0x1x2x3x4x5x6x7x8x9x")),ISNUMBER(FIND(MID(A20,8,1)&"x","0x1x2x3x4x5x6x7x8x9x")))),"案件IDはOPP-と半角数字4桁",IF(COUNTIFS($A$8:$A$57,A20)>1,"案件IDが重複",IF(NOT(IF(ISNUMBER(B20),AND(B20>=0,B20<=1000000000,B20=INT(B20)),FALSE())),"元の見込額は0〜10億円の整数で必須",IF(NOT(IF(ISNUMBER(C20),AND(C20>=0,C20<=100,C20=INT(C20)),FALSE())),"元の確度は0〜100の整数で必須",IF(NOT(IF(ISNUMBER(D20),AND(D20>=43831,D20<73051,D20=INT(D20)),FALSE())),"元の予定日は時刻なしで必須",IF(NOT(IF(ISNUMBER(E20),AND(E20>=43831,E20<73051,E20=INT(E20)),FALSE())),"予測記録確認日は時刻なしで必須",IF(E20>予測比較!$B$3,"予測記録確認日が予測基準日より後",IF(D20<=予測比較!$B$3,"元の予定日は予測基準日より後",IF(NOT(OR(F20="受注",F20="失注",F20="継続",F20="未確認")),"実績区分を確認",IF(AND(F20="受注",NOT(IF(ISNUMBER(G20),AND(G20>=0,G20<=1000000000,G20=INT(G20)),FALSE()))),"受注額は0〜10億円の整数で必須",IF(AND(F20<>"受注",COUNTA(G20)>0),"受注以外は受注額を空欄",IF(AND(OR(F20="受注",F20="失注"),NOT(IF(ISNUMBER(H20),AND(H20>=43831,H20<73051,H20=INT(H20)),FALSE()))),"受注/失注は決着日が必須",IF(AND(NOT(OR(F20="受注",F20="失注")),COUNTA(H20)>0),"継続/未確認の決着日は空欄",IF(NOT(IF(ISNUMBER(I20),AND(I20>=43831,I20<73051,I20=INT(I20)),FALSE())),"実績記録確認日は時刻なしで必須",IF(OR(I20<予測比較!$H$3,I20>予測比較!$B$4),"対象終了日≦実績確認日≦実績基準日を確認",IF(AND(OR(F20="受注",F20="失注"),OR(H20<=予測比較!$B$3,H20>I20)),"予測基準日＜決着日≦実績確認日を確認","確認済み"))))))))))))))))),ISNUMBER(O20),O20=IF(N20="確認済み",0,1))),1,IF(O20<>0,0,IF(AND(ISNUMBER(J20),J20=IF(AND(D20>=予測比較!$E$3,D20<=予測比較!$H$3),1,0),IF(J20=1,ISNUMBER(K20),ISTEXT(K20)),K20=IF(J20=1,ROUND(B20*C20/100,0),""),IF(AND(J20=1,F20<>"未確認"),ISNUMBER(L20),ISTEXT(L20)),L20=IF(J20<>1,"",IF(F20="未確認","",IF(AND(F20="受注",H20>=予測比較!$E$3,H20<=予測比較!$H$3),G20,0))),IF(AND(J20=1,F20<>"未確認"),ISNUMBER(M20),ISTEXT(M20)),M20=IF(J20<>1,"",IF(F20="未確認","",L20-K20))),0,1)))) -> 0
J21: =IF(N21="","",IF(O21<>0,NA(),IF(AND(D21>=予測比較!$E$3,D21<=予測比較!$H$3),1,0))) | K21: =IF(N21="","",IF(O21<>0,NA(),IF(J21=1,ROUND(B21*C21/100,0),""))) | L21: =IF(N21="","",IF(O21<>0,NA(),IF(J21<>1,"",IF(F21="未確認","",IF(AND(F21="受注",H21>=予測比較!$E$3,H21<=予測比較!$H$3),G21,0))))) | M21: =IF(N21="","",IF(O21<>0,NA(),IF(J21<>1,"",IF(F21="未確認","",L21-K21)))) | N21: =IF(COUNTA(A21:I21)=0,"",IF(NOT(AND(ISTEXT(A21),LEN(A21)=8,EXACT(LEFT(A21,4),"OPP-"),ISNUMBER(FIND(MID(A21,5,1)&"x","0x1x2x3x4x5x6x7x8x9x")),ISNUMBER(FIND(MID(A21,6,1)&"x","0x1x2x3x4x5x6x7x8x9x")),ISNUMBER(FIND(MID(A21,7,1)&"x","0x1x2x3x4x5x6x7x8x9x")),ISNUMBER(FIND(MID(A21,8,1)&"x","0x1x2x3x4x5x6x7x8x9x")))),"案件IDはOPP-と半角数字4桁",IF(COUNTIFS($A$8:$A$57,A21)>1,"案件IDが重複",IF(NOT(IF(ISNUMBER(B21),AND(B21>=0,B21<=1000000000,B21=INT(B21)),FALSE())),"元の見込額は0〜10億円の整数で必須",IF(NOT(IF(ISNUMBER(C21),AND(C21>=0,C21<=100,C21=INT(C21)),FALSE())),"元の確度は0〜100の整数で必須",IF(NOT(IF(ISNUMBER(D21),AND(D21>=43831,D21<73051,D21=INT(D21)),FALSE())),"元の予定日は時刻なしで必須",IF(NOT(IF(ISNUMBER(E21),AND(E21>=43831,E21<73051,E21=INT(E21)),FALSE())),"予測記録確認日は時刻なしで必須",IF(E21>予測比較!$B$3,"予測記録確認日が予測基準日より後",IF(D21<=予測比較!$B$3,"元の予定日は予測基準日より後",IF(NOT(OR(F21="受注",F21="失注",F21="継続",F21="未確認")),"実績区分を確認",IF(AND(F21="受注",NOT(IF(ISNUMBER(G21),AND(G21>=0,G21<=1000000000,G21=INT(G21)),FALSE()))),"受注額は0〜10億円の整数で必須",IF(AND(F21<>"受注",COUNTA(G21)>0),"受注以外は受注額を空欄",IF(AND(OR(F21="受注",F21="失注"),NOT(IF(ISNUMBER(H21),AND(H21>=43831,H21<73051,H21=INT(H21)),FALSE()))),"受注/失注は決着日が必須",IF(AND(NOT(OR(F21="受注",F21="失注")),COUNTA(H21)>0),"継続/未確認の決着日は空欄",IF(NOT(IF(ISNUMBER(I21),AND(I21>=43831,I21<73051,I21=INT(I21)),FALSE())),"実績記録確認日は時刻なしで必須",IF(OR(I21<予測比較!$H$3,I21>予測比較!$B$4),"対象終了日≦実績確認日≦実績基準日を確認",IF(AND(OR(F21="受注",F21="失注"),OR(H21<=予測比較!$B$3,H21>I21)),"予測基準日＜決着日≦実績確認日を確認","確認済み"))))))))))))))))) | O21: =IF(N21="","",IF(N21="確認済み",0,1)) | P21: =IF(COUNTA(A21:I21)=0,IF(AND(N21="",O21="",J21="",K21="",L21="",M21=""),0,1),IF(NOT(AND(ISTEXT(N21),N21=IF(COUNTA(A21:I21)=0,"",IF(NOT(AND(ISTEXT(A21),LEN(A21)=8,EXACT(LEFT(A21,4),"OPP-"),ISNUMBER(FIND(MID(A21,5,1)&"x","0x1x2x3x4x5x6x7x8x9x")),ISNUMBER(FIND(MID(A21,6,1)&"x","0x1x2x3x4x5x6x7x8x9x")),ISNUMBER(FIND(MID(A21,7,1)&"x","0x1x2x3x4x5x6x7x8x9x")),ISNUMBER(FIND(MID(A21,8,1)&"x","0x1x2x3x4x5x6x7x8x9x")))),"案件IDはOPP-と半角数字4桁",IF(COUNTIFS($A$8:$A$57,A21)>1,"案件IDが重複",IF(NOT(IF(ISNUMBER(B21),AND(B21>=0,B21<=1000000000,B21=INT(B21)),FALSE())),"元の見込額は0〜10億円の整数で必須",IF(NOT(IF(ISNUMBER(C21),AND(C21>=0,C21<=100,C21=INT(C21)),FALSE())),"元の確度は0〜100の整数で必須",IF(NOT(IF(ISNUMBER(D21),AND(D21>=43831,D21<73051,D21=INT(D21)),FALSE())),"元の予定日は時刻なしで必須",IF(NOT(IF(ISNUMBER(E21),AND(E21>=43831,E21<73051,E21=INT(E21)),FALSE())),"予測記録確認日は時刻なしで必須",IF(E21>予測比較!$B$3,"予測記録確認日が予測基準日より後",IF(D21<=予測比較!$B$3,"元の予定日は予測基準日より後",IF(NOT(OR(F21="受注",F21="失注",F21="継続",F21="未確認")),"実績区分を確認",IF(AND(F21="受注",NOT(IF(ISNUMBER(G21),AND(G21>=0,G21<=1000000000,G21=INT(G21)),FALSE()))),"受注額は0〜10億円の整数で必須",IF(AND(F21<>"受注",COUNTA(G21)>0),"受注以外は受注額を空欄",IF(AND(OR(F21="受注",F21="失注"),NOT(IF(ISNUMBER(H21),AND(H21>=43831,H21<73051,H21=INT(H21)),FALSE()))),"受注/失注は決着日が必須",IF(AND(NOT(OR(F21="受注",F21="失注")),COUNTA(H21)>0),"継続/未確認の決着日は空欄",IF(NOT(IF(ISNUMBER(I21),AND(I21>=43831,I21<73051,I21=INT(I21)),FALSE())),"実績記録確認日は時刻なしで必須",IF(OR(I21<予測比較!$H$3,I21>予測比較!$B$4),"対象終了日≦実績確認日≦実績基準日を確認",IF(AND(OR(F21="受注",F21="失注"),OR(H21<=予測比較!$B$3,H21>I21)),"予測基準日＜決着日≦実績確認日を確認","確認済み"))))))))))))))))),ISNUMBER(O21),O21=IF(N21="確認済み",0,1))),1,IF(O21<>0,0,IF(AND(ISNUMBER(J21),J21=IF(AND(D21>=予測比較!$E$3,D21<=予測比較!$H$3),1,0),IF(J21=1,ISNUMBER(K21),ISTEXT(K21)),K21=IF(J21=1,ROUND(B21*C21/100,0),""),IF(AND(J21=1,F21<>"未確認"),ISNUMBER(L21),ISTEXT(L21)),L21=IF(J21<>1,"",IF(F21="未確認","",IF(AND(F21="受注",H21>=予測比較!$E$3,H21<=予測比較!$H$3),G21,0))),IF(AND(J21=1,F21<>"未確認"),ISNUMBER(M21),ISTEXT(M21)),M21=IF(J21<>1,"",IF(F21="未確認","",L21-K21))),0,1)))) -> 0
J22: =IF(N22="","",IF(O22<>0,NA(),IF(AND(D22>=予測比較!$E$3,D22<=予測比較!$H$3),1,0))) | K22: =IF(N22="","",IF(O22<>0,NA(),IF(J22=1,ROUND(B22*C22/100,0),""))) | L22: =IF(N22="","",IF(O22<>0,NA(),IF(J22<>1,"",IF(F22="未確認","",IF(AND(F22="受注",H22>=予測比較!$E$3,H22<=予測比較!$H$3),G22,0))))) | M22: =IF(N22="","",IF(O22<>0,NA(),IF(J22<>1,"",IF(F22="未確認","",L22-K22)))) | N22: =IF(COUNTA(A22:I22)=0,"",IF(NOT(AND(ISTEXT(A22),LEN(A22)=8,EXACT(LEFT(A22,4),"OPP-"),ISNUMBER(FIND(MID(A22,5,1)&"x","0x1x2x3x4x5x6x7x8x9x")),ISNUMBER(FIND(MID(A22,6,1)&"x","0x1x2x3x4x5x6x7x8x9x")),ISNUMBER(FIND(MID(A22,7,1)&"x","0x1x2x3x4x5x6x7x8x9x")),ISNUMBER(FIND(MID(A22,8,1)&"x","0x1x2x3x4x5x6x7x8x9x")))),"案件IDはOPP-と半角数字4桁",IF(COUNTIFS($A$8:$A$57,A22)>1,"案件IDが重複",IF(NOT(IF(ISNUMBER(B22),AND(B22>=0,B22<=1000000000,B22=INT(B22)),FALSE())),"元の見込額は0〜10億円の整数で必須",IF(NOT(IF(ISNUMBER(C22),AND(C22>=0,C22<=100,C22=INT(C22)),FALSE())),"元の確度は0〜100の整数で必須",IF(NOT(IF(ISNUMBER(D22),AND(D22>=43831,D22<73051,D22=INT(D22)),FALSE())),"元の予定日は時刻なしで必須",IF(NOT(IF(ISNUMBER(E22),AND(E22>=43831,E22<73051,E22=INT(E22)),FALSE())),"予測記録確認日は時刻なしで必須",IF(E22>予測比較!$B$3,"予測記録確認日が予測基準日より後",IF(D22<=予測比較!$B$3,"元の予定日は予測基準日より後",IF(NOT(OR(F22="受注",F22="失注",F22="継続",F22="未確認")),"実績区分を確認",IF(AND(F22="受注",NOT(IF(ISNUMBER(G22),AND(G22>=0,G22<=1000000000,G22=INT(G22)),FALSE()))),"受注額は0〜10億円の整数で必須",IF(AND(F22<>"受注",COUNTA(G22)>0),"受注以外は受注額を空欄",IF(AND(OR(F22="受注",F22="失注"),NOT(IF(ISNUMBER(H22),AND(H22>=43831,H22<73051,H22=INT(H22)),FALSE()))),"受注/失注は決着日が必須",IF(AND(NOT(OR(F22="受注",F22="失注")),COUNTA(H22)>0),"継続/未確認の決着日は空欄",IF(NOT(IF(ISNUMBER(I22),AND(I22>=43831,I22<73051,I22=INT(I22)),FALSE())),"実績記録確認日は時刻なしで必須",IF(OR(I22<予測比較!$H$3,I22>予測比較!$B$4),"対象終了日≦実績確認日≦実績基準日を確認",IF(AND(OR(F22="受注",F22="失注"),OR(H22<=予測比較!$B$3,H22>I22)),"予測基準日＜決着日≦実績確認日を確認","確認済み"))))))))))))))))) | O22: =IF(N22="","",IF(N22="確認済み",0,1)) | P22: =IF(COUNTA(A22:I22)=0,IF(AND(N22="",O22="",J22="",K22="",L22="",M22=""),0,1),IF(NOT(AND(ISTEXT(N22),N22=IF(COUNTA(A22:I22)=0,"",IF(NOT(AND(ISTEXT(A22),LEN(A22)=8,EXACT(LEFT(A22,4),"OPP-"),ISNUMBER(FIND(MID(A22,5,1)&"x","0x1x2x3x4x5x6x7x8x9x")),ISNUMBER(FIND(MID(A22,6,1)&"x","0x1x2x3x4x5x6x7x8x9x")),ISNUMBER(FIND(MID(A22,7,1)&"x","0x1x2x3x4x5x6x7x8x9x")),ISNUMBER(FIND(MID(A22,8,1)&"x","0x1x2x3x4x5x6x7x8x9x")))),"案件IDはOPP-と半角数字4桁",IF(COUNTIFS($A$8:$A$57,A22)>1,"案件IDが重複",IF(NOT(IF(ISNUMBER(B22),AND(B22>=0,B22<=1000000000,B22=INT(B22)),FALSE())),"元の見込額は0〜10億円の整数で必須",IF(NOT(IF(ISNUMBER(C22),AND(C22>=0,C22<=100,C22=INT(C22)),FALSE())),"元の確度は0〜100の整数で必須",IF(NOT(IF(ISNUMBER(D22),AND(D22>=43831,D22<73051,D22=INT(D22)),FALSE())),"元の予定日は時刻なしで必須",IF(NOT(IF(ISNUMBER(E22),AND(E22>=43831,E22<73051,E22=INT(E22)),FALSE())),"予測記録確認日は時刻なしで必須",IF(E22>予測比較!$B$3,"予測記録確認日が予測基準日より後",IF(D22<=予測比較!$B$3,"元の予定日は予測基準日より後",IF(NOT(OR(F22="受注",F22="失注",F22="継続",F22="未確認")),"実績区分を確認",IF(AND(F22="受注",NOT(IF(ISNUMBER(G22),AND(G22>=0,G22<=1000000000,G22=INT(G22)),FALSE()))),"受注額は0〜10億円の整数で必須",IF(AND(F22<>"受注",COUNTA(G22)>0),"受注以外は受注額を空欄",IF(AND(OR(F22="受注",F22="失注"),NOT(IF(ISNUMBER(H22),AND(H22>=43831,H22<73051,H22=INT(H22)),FALSE()))),"受注/失注は決着日が必須",IF(AND(NOT(OR(F22="受注",F22="失注")),COUNTA(H22)>0),"継続/未確認の決着日は空欄",IF(NOT(IF(ISNUMBER(I22),AND(I22>=43831,I22<73051,I22=INT(I22)),FALSE())),"実績記録確認日は時刻なしで必須",IF(OR(I22<予測比較!$H$3,I22>予測比較!$B$4),"対象終了日≦実績確認日≦実績基準日を確認",IF(AND(OR(F22="受注",F22="失注"),OR(H22<=予測比較!$B$3,H22>I22)),"予測基準日＜決着日≦実績確認日を確認","確認済み"))))))))))))))))),ISNUMBER(O22),O22=IF(N22="確認済み",0,1))),1,IF(O22<>0,0,IF(AND(ISNUMBER(J22),J22=IF(AND(D22>=予測比較!$E$3,D22<=予測比較!$H$3),1,0),IF(J22=1,ISNUMBER(K22),ISTEXT(K22)),K22=IF(J22=1,ROUND(B22*C22/100,0),""),IF(AND(J22=1,F22<>"未確認"),ISNUMBER(L22),ISTEXT(L22)),L22=IF(J22<>1,"",IF(F22="未確認","",IF(AND(F22="受注",H22>=予測比較!$E$3,H22<=予測比較!$H$3),G22,0))),IF(AND(J22=1,F22<>"未確認"),ISNUMBER(M22),ISTEXT(M22)),M22=IF(J22<>1,"",IF(F22="未確認","",L22-K22))),0,1)))) -> 0
J23: =IF(N23="","",IF(O23<>0,NA(),IF(AND(D23>=予測比較!$E$3,D23<=予測比較!$H$3),1,0))) | K23: =IF(N23="","",IF(O23<>0,NA(),IF(J23=1,ROUND(B23*C23/100,0),""))) | L23: =IF(N23="","",IF(O23<>0,NA(),IF(J23<>1,"",IF(F23="未確認","",IF(AND(F23="受注",H23>=予測比較!$E$3,H23<=予測比較!$H$3),G23,0))))) | M23: =IF(N23="","",IF(O23<>0,NA(),IF(J23<>1,"",IF(F23="未確認","",L23-K23)))) | N23: =IF(COUNTA(A23:I23)=0,"",IF(NOT(AND(ISTEXT(A23),LEN(A23)=8,EXACT(LEFT(A23,4),"OPP-"),ISNUMBER(FIND(MID(A23,5,1)&"x","0x1x2x3x4x5x6x7x8x9x")),ISNUMBER(FIND(MID(A23,6,1)&"x","0x1x2x3x4x5x6x7x8x9x")),ISNUMBER(FIND(MID(A23,7,1)&"x","0x1x2x3x4x5x6x7x8x9x")),ISNUMBER(FIND(MID(A23,8,1)&"x","0x1x2x3x4x5x6x7x8x9x")))),"案件IDはOPP-と半角数字4桁",IF(COUNTIFS($A$8:$A$57,A23)>1,"案件IDが重複",IF(NOT(IF(ISNUMBER(B23),AND(B23>=0,B23<=1000000000,B23=INT(B23)),FALSE())),"元の見込額は0〜10億円の整数で必須",IF(NOT(IF(ISNUMBER(C23),AND(C23>=0,C23<=100,C23=INT(C23)),FALSE())),"元の確度は0〜100の整数で必須",IF(NOT(IF(ISNUMBER(D23),AND(D23>=43831,D23<73051,D23=INT(D23)),FALSE())),"元の予定日は時刻なしで必須",IF(NOT(IF(ISNUMBER(E23),AND(E23>=43831,E23<73051,E23=INT(E23)),FALSE())),"予測記録確認日は時刻なしで必須",IF(E23>予測比較!$B$3,"予測記録確認日が予測基準日より後",IF(D23<=予測比較!$B$3,"元の予定日は予測基準日より後",IF(NOT(OR(F23="受注",F23="失注",F23="継続",F23="未確認")),"実績区分を確認",IF(AND(F23="受注",NOT(IF(ISNUMBER(G23),AND(G23>=0,G23<=1000000000,G23=INT(G23)),FALSE()))),"受注額は0〜10億円の整数で必須",IF(AND(F23<>"受注",COUNTA(G23)>0),"受注以外は受注額を空欄",IF(AND(OR(F23="受注",F23="失注"),NOT(IF(ISNUMBER(H23),AND(H23>=43831,H23<73051,H23=INT(H23)),FALSE()))),"受注/失注は決着日が必須",IF(AND(NOT(OR(F23="受注",F23="失注")),COUNTA(H23)>0),"継続/未確認の決着日は空欄",IF(NOT(IF(ISNUMBER(I23),AND(I23>=43831,I23<73051,I23=INT(I23)),FALSE())),"実績記録確認日は時刻なしで必須",IF(OR(I23<予測比較!$H$3,I23>予測比較!$B$4),"対象終了日≦実績確認日≦実績基準日を確認",IF(AND(OR(F23="受注",F23="失注"),OR(H23<=予測比較!$B$3,H23>I23)),"予測基準日＜決着日≦実績確認日を確認","確認済み"))))))))))))))))) | O23: =IF(N23="","",IF(N23="確認済み",0,1)) | P23: =IF(COUNTA(A23:I23)=0,IF(AND(N23="",O23="",J23="",K23="",L23="",M23=""),0,1),IF(NOT(AND(ISTEXT(N23),N23=IF(COUNTA(A23:I23)=0,"",IF(NOT(AND(ISTEXT(A23),LEN(A23)=8,EXACT(LEFT(A23,4),"OPP-"),ISNUMBER(FIND(MID(A23,5,1)&"x","0x1x2x3x4x5x6x7x8x9x")),ISNUMBER(FIND(MID(A23,6,1)&"x","0x1x2x3x4x5x6x7x8x9x")),ISNUMBER(FIND(MID(A23,7,1)&"x","0x1x2x3x4x5x6x7x8x9x")),ISNUMBER(FIND(MID(A23,8,1)&"x","0x1x2x3x4x5x6x7x8x9x")))),"案件IDはOPP-と半角数字4桁",IF(COUNTIFS($A$8:$A$57,A23)>1,"案件IDが重複",IF(NOT(IF(ISNUMBER(B23),AND(B23>=0,B23<=1000000000,B23=INT(B23)),FALSE())),"元の見込額は0〜10億円の整数で必須",IF(NOT(IF(ISNUMBER(C23),AND(C23>=0,C23<=100,C23=INT(C23)),FALSE())),"元の確度は0〜100の整数で必須",IF(NOT(IF(ISNUMBER(D23),AND(D23>=43831,D23<73051,D23=INT(D23)),FALSE())),"元の予定日は時刻なしで必須",IF(NOT(IF(ISNUMBER(E23),AND(E23>=43831,E23<73051,E23=INT(E23)),FALSE())),"予測記録確認日は時刻なしで必須",IF(E23>予測比較!$B$3,"予測記録確認日が予測基準日より後",IF(D23<=予測比較!$B$3,"元の予定日は予測基準日より後",IF(NOT(OR(F23="受注",F23="失注",F23="継続",F23="未確認")),"実績区分を確認",IF(AND(F23="受注",NOT(IF(ISNUMBER(G23),AND(G23>=0,G23<=1000000000,G23=INT(G23)),FALSE()))),"受注額は0〜10億円の整数で必須",IF(AND(F23<>"受注",COUNTA(G23)>0),"受注以外は受注額を空欄",IF(AND(OR(F23="受注",F23="失注"),NOT(IF(ISNUMBER(H23),AND(H23>=43831,H23<73051,H23=INT(H23)),FALSE()))),"受注/失注は決着日が必須",IF(AND(NOT(OR(F23="受注",F23="失注")),COUNTA(H23)>0),"継続/未確認の決着日は空欄",IF(NOT(IF(ISNUMBER(I23),AND(I23>=43831,I23<73051,I23=INT(I23)),FALSE())),"実績記録確認日は時刻なしで必須",IF(OR(I23<予測比較!$H$3,I23>予測比較!$B$4),"対象終了日≦実績確認日≦実績基準日を確認",IF(AND(OR(F23="受注",F23="失注"),OR(H23<=予測比較!$B$3,H23>I23)),"予測基準日＜決着日≦実績確認日を確認","確認済み"))))))))))))))))),ISNUMBER(O23),O23=IF(N23="確認済み",0,1))),1,IF(O23<>0,0,IF(AND(ISNUMBER(J23),J23=IF(AND(D23>=予測比較!$E$3,D23<=予測比較!$H$3),1,0),IF(J23=1,ISNUMBER(K23),ISTEXT(K23)),K23=IF(J23=1,ROUND(B23*C23/100,0),""),IF(AND(J23=1,F23<>"未確認"),ISNUMBER(L23),ISTEXT(L23)),L23=IF(J23<>1,"",IF(F23="未確認","",IF(AND(F23="受注",H23>=予測比較!$E$3,H23<=予測比較!$H$3),G23,0))),IF(AND(J23=1,F23<>"未確認"),ISNUMBER(M23),ISTEXT(M23)),M23=IF(J23<>1,"",IF(F23="未確認","",L23-K23))),0,1)))) -> 0
J24: =IF(N24="","",IF(O24<>0,NA(),IF(AND(D24>=予測比較!$E$3,D24<=予測比較!$H$3),1,0))) | K24: =IF(N24="","",IF(O24<>0,NA(),IF(J24=1,ROUND(B24*C24/100,0),""))) | L24: =IF(N24="","",IF(O24<>0,NA(),IF(J24<>1,"",IF(F24="未確認","",IF(AND(F24="受注",H24>=予測比較!$E$3,H24<=予測比較!$H$3),G24,0))))) | M24: =IF(N24="","",IF(O24<>0,NA(),IF(J24<>1,"",IF(F24="未確認","",L24-K24)))) | N24: =IF(COUNTA(A24:I24)=0,"",IF(NOT(AND(ISTEXT(A24),LEN(A24)=8,EXACT(LEFT(A24,4),"OPP-"),ISNUMBER(FIND(MID(A24,5,1)&"x","0x1x2x3x4x5x6x7x8x9x")),ISNUMBER(FIND(MID(A24,6,1)&"x","0x1x2x3x4x5x6x7x8x9x")),ISNUMBER(FIND(MID(A24,7,1)&"x","0x1x2x3x4x5x6x7x8x9x")),ISNUMBER(FIND(MID(A24,8,1)&"x","0x1x2x3x4x5x6x7x8x9x")))),"案件IDはOPP-と半角数字4桁",IF(COUNTIFS($A$8:$A$57,A24)>1,"案件IDが重複",IF(NOT(IF(ISNUMBER(B24),AND(B24>=0,B24<=1000000000,B24=INT(B24)),FALSE())),"元の見込額は0〜10億円の整数で必須",IF(NOT(IF(ISNUMBER(C24),AND(C24>=0,C24<=100,C24=INT(C24)),FALSE())),"元の確度は0〜100の整数で必須",IF(NOT(IF(ISNUMBER(D24),AND(D24>=43831,D24<73051,D24=INT(D24)),FALSE())),"元の予定日は時刻なしで必須",IF(NOT(IF(ISNUMBER(E24),AND(E24>=43831,E24<73051,E24=INT(E24)),FALSE())),"予測記録確認日は時刻なしで必須",IF(E24>予測比較!$B$3,"予測記録確認日が予測基準日より後",IF(D24<=予測比較!$B$3,"元の予定日は予測基準日より後",IF(NOT(OR(F24="受注",F24="失注",F24="継続",F24="未確認")),"実績区分を確認",IF(AND(F24="受注",NOT(IF(ISNUMBER(G24),AND(G24>=0,G24<=1000000000,G24=INT(G24)),FALSE()))),"受注額は0〜10億円の整数で必須",IF(AND(F24<>"受注",COUNTA(G24)>0),"受注以外は受注額を空欄",IF(AND(OR(F24="受注",F24="失注"),NOT(IF(ISNUMBER(H24),AND(H24>=43831,H24<73051,H24=INT(H24)),FALSE()))),"受注/失注は決着日が必須",IF(AND(NOT(OR(F24="受注",F24="失注")),COUNTA(H24)>0),"継続/未確認の決着日は空欄",IF(NOT(IF(ISNUMBER(I24),AND(I24>=43831,I24<73051,I24=INT(I24)),FALSE())),"実績記録確認日は時刻なしで必須",IF(OR(I24<予測比較!$H$3,I24>予測比較!$B$4),"対象終了日≦実績確認日≦実績基準日を確認",IF(AND(OR(F24="受注",F24="失注"),OR(H24<=予測比較!$B$3,H24>I24)),"予測基準日＜決着日≦実績確認日を確認","確認済み"))))))))))))))))) | O24: =IF(N24="","",IF(N24="確認済み",0,1)) | P24: =IF(COUNTA(A24:I24)=0,IF(AND(N24="",O24="",J24="",K24="",L24="",M24=""),0,1),IF(NOT(AND(ISTEXT(N24),N24=IF(COUNTA(A24:I24)=0,"",IF(NOT(AND(ISTEXT(A24),LEN(A24)=8,EXACT(LEFT(A24,4),"OPP-"),ISNUMBER(FIND(MID(A24,5,1)&"x","0x1x2x3x4x5x6x7x8x9x")),ISNUMBER(FIND(MID(A24,6,1)&"x","0x1x2x3x4x5x6x7x8x9x")),ISNUMBER(FIND(MID(A24,7,1)&"x","0x1x2x3x4x5x6x7x8x9x")),ISNUMBER(FIND(MID(A24,8,1)&"x","0x1x2x3x4x5x6x7x8x9x")))),"案件IDはOPP-と半角数字4桁",IF(COUNTIFS($A$8:$A$57,A24)>1,"案件IDが重複",IF(NOT(IF(ISNUMBER(B24),AND(B24>=0,B24<=1000000000,B24=INT(B24)),FALSE())),"元の見込額は0〜10億円の整数で必須",IF(NOT(IF(ISNUMBER(C24),AND(C24>=0,C24<=100,C24=INT(C24)),FALSE())),"元の確度は0〜100の整数で必須",IF(NOT(IF(ISNUMBER(D24),AND(D24>=43831,D24<73051,D24=INT(D24)),FALSE())),"元の予定日は時刻なしで必須",IF(NOT(IF(ISNUMBER(E24),AND(E24>=43831,E24<73051,E24=INT(E24)),FALSE())),"予測記録確認日は時刻なしで必須",IF(E24>予測比較!$B$3,"予測記録確認日が予測基準日より後",IF(D24<=予測比較!$B$3,"元の予定日は予測基準日より後",IF(NOT(OR(F24="受注",F24="失注",F24="継続",F24="未確認")),"実績区分を確認",IF(AND(F24="受注",NOT(IF(ISNUMBER(G24),AND(G24>=0,G24<=1000000000,G24=INT(G24)),FALSE()))),"受注額は0〜10億円の整数で必須",IF(AND(F24<>"受注",COUNTA(G24)>0),"受注以外は受注額を空欄",IF(AND(OR(F24="受注",F24="失注"),NOT(IF(ISNUMBER(H24),AND(H24>=43831,H24<73051,H24=INT(H24)),FALSE()))),"受注/失注は決着日が必須",IF(AND(NOT(OR(F24="受注",F24="失注")),COUNTA(H24)>0),"継続/未確認の決着日は空欄",IF(NOT(IF(ISNUMBER(I24),AND(I24>=43831,I24<73051,I24=INT(I24)),FALSE())),"実績記録確認日は時刻なしで必須",IF(OR(I24<予測比較!$H$3,I24>予測比較!$B$4),"対象終了日≦実績確認日≦実績基準日を確認",IF(AND(OR(F24="受注",F24="失注"),OR(H24<=予測比較!$B$3,H24>I24)),"予測基準日＜決着日≦実績確認日を確認","確認済み"))))))))))))))))),ISNUMBER(O24),O24=IF(N24="確認済み",0,1))),1,IF(O24<>0,0,IF(AND(ISNUMBER(J24),J24=IF(AND(D24>=予測比較!$E$3,D24<=予測比較!$H$3),1,0),IF(J24=1,ISNUMBER(K24),ISTEXT(K24)),K24=IF(J24=1,ROUND(B24*C24/100,0),""),IF(AND(J24=1,F24<>"未確認"),ISNUMBER(L24),ISTEXT(L24)),L24=IF(J24<>1,"",IF(F24="未確認","",IF(AND(F24="受注",H24>=予測比較!$E$3,H24<=予測比較!$H$3),G24,0))),IF(AND(J24=1,F24<>"未確認"),ISNUMBER(M24),ISTEXT(M24)),M24=IF(J24<>1,"",IF(F24="未確認","",L24-K24))),0,1)))) -> 0
J25: =IF(N25="","",IF(O25<>0,NA(),IF(AND(D25>=予測比較!$E$3,D25<=予測比較!$H$3),1,0))) | K25: =IF(N25="","",IF(O25<>0,NA(),IF(J25=1,ROUND(B25*C25/100,0),""))) | L25: =IF(N25="","",IF(O25<>0,NA(),IF(J25<>1,"",IF(F25="未確認","",IF(AND(F25="受注",H25>=予測比較!$E$3,H25<=予測比較!$H$3),G25,0))))) | M25: =IF(N25="","",IF(O25<>0,NA(),IF(J25<>1,"",IF(F25="未確認","",L25-K25)))) | N25: =IF(COUNTA(A25:I25)=0,"",IF(NOT(AND(ISTEXT(A25),LEN(A25)=8,EXACT(LEFT(A25,4),"OPP-"),ISNUMBER(FIND(MID(A25,5,1)&"x","0x1x2x3x4x5x6x7x8x9x")),ISNUMBER(FIND(MID(A25,6,1)&"x","0x1x2x3x4x5x6x7x8x9x")),ISNUMBER(FIND(MID(A25,7,1)&"x","0x1x2x3x4x5x6x7x8x9x")),ISNUMBER(FIND(MID(A25,8,1)&"x","0x1x2x3x4x5x6x7x8x9x")))),"案件IDはOPP-と半角数字4桁",IF(COUNTIFS($A$8:$A$57,A25)>1,"案件IDが重複",IF(NOT(IF(ISNUMBER(B25),AND(B25>=0,B25<=1000000000,B25=INT(B25)),FALSE())),"元の見込額は0〜10億円の整数で必須",IF(NOT(IF(ISNUMBER(C25),AND(C25>=0,C25<=100,C25=INT(C25)),FALSE())),"元の確度は0〜100の整数で必須",IF(NOT(IF(ISNUMBER(D25),AND(D25>=43831,D25<73051,D25=INT(D25)),FALSE())),"元の予定日は時刻なしで必須",IF(NOT(IF(ISNUMBER(E25),AND(E25>=43831,E25<73051,E25=INT(E25)),FALSE())),"予測記録確認日は時刻なしで必須",IF(E25>予測比較!$B$3,"予測記録確認日が予測基準日より後",IF(D25<=予測比較!$B$3,"元の予定日は予測基準日より後",IF(NOT(OR(F25="受注",F25="失注",F25="継続",F25="未確認")),"実績区分を確認",IF(AND(F25="受注",NOT(IF(ISNUMBER(G25),AND(G25>=0,G25<=1000000000,G25=INT(G25)),FALSE()))),"受注額は0〜10億円の整数で必須",IF(AND(F25<>"受注",COUNTA(G25)>0),"受注以外は受注額を空欄",IF(AND(OR(F25="受注",F25="失注"),NOT(IF(ISNUMBER(H25),AND(H25>=43831,H25<73051,H25=INT(H25)),FALSE()))),"受注/失注は決着日が必須",IF(AND(NOT(OR(F25="受注",F25="失注")),COUNTA(H25)>0),"継続/未確認の決着日は空欄",IF(NOT(IF(ISNUMBER(I25),AND(I25>=43831,I25<73051,I25=INT(I25)),FALSE())),"実績記録確認日は時刻なしで必須",IF(OR(I25<予測比較!$H$3,I25>予測比較!$B$4),"対象終了日≦実績確認日≦実績基準日を確認",IF(AND(OR(F25="受注",F25="失注"),OR(H25<=予測比較!$B$3,H25>I25)),"予測基準日＜決着日≦実績確認日を確認","確認済み"))))))))))))))))) | O25: =IF(N25="","",IF(N25="確認済み",0,1)) | P25: =IF(COUNTA(A25:I25)=0,IF(AND(N25="",O25="",J25="",K25="",L25="",M25=""),0,1),IF(NOT(AND(ISTEXT(N25),N25=IF(COUNTA(A25:I25)=0,"",IF(NOT(AND(ISTEXT(A25),LEN(A25)=8,EXACT(LEFT(A25,4),"OPP-"),ISNUMBER(FIND(MID(A25,5,1)&"x","0x1x2x3x4x5x6x7x8x9x")),ISNUMBER(FIND(MID(A25,6,1)&"x","0x1x2x3x4x5x6x7x8x9x")),ISNUMBER(FIND(MID(A25,7,1)&"x","0x1x2x3x4x5x6x7x8x9x")),ISNUMBER(FIND(MID(A25,8,1)&"x","0x1x2x3x4x5x6x7x8x9x")))),"案件IDはOPP-と半角数字4桁",IF(COUNTIFS($A$8:$A$57,A25)>1,"案件IDが重複",IF(NOT(IF(ISNUMBER(B25),AND(B25>=0,B25<=1000000000,B25=INT(B25)),FALSE())),"元の見込額は0〜10億円の整数で必須",IF(NOT(IF(ISNUMBER(C25),AND(C25>=0,C25<=100,C25=INT(C25)),FALSE())),"元の確度は0〜100の整数で必須",IF(NOT(IF(ISNUMBER(D25),AND(D25>=43831,D25<73051,D25=INT(D25)),FALSE())),"元の予定日は時刻なしで必須",IF(NOT(IF(ISNUMBER(E25),AND(E25>=43831,E25<73051,E25=INT(E25)),FALSE())),"予測記録確認日は時刻なしで必須",IF(E25>予測比較!$B$3,"予測記録確認日が予測基準日より後",IF(D25<=予測比較!$B$3,"元の予定日は予測基準日より後",IF(NOT(OR(F25="受注",F25="失注",F25="継続",F25="未確認")),"実績区分を確認",IF(AND(F25="受注",NOT(IF(ISNUMBER(G25),AND(G25>=0,G25<=1000000000,G25=INT(G25)),FALSE()))),"受注額は0〜10億円の整数で必須",IF(AND(F25<>"受注",COUNTA(G25)>0),"受注以外は受注額を空欄",IF(AND(OR(F25="受注",F25="失注"),NOT(IF(ISNUMBER(H25),AND(H25>=43831,H25<73051,H25=INT(H25)),FALSE()))),"受注/失注は決着日が必須",IF(AND(NOT(OR(F25="受注",F25="失注")),COUNTA(H25)>0),"継続/未確認の決着日は空欄",IF(NOT(IF(ISNUMBER(I25),AND(I25>=43831,I25<73051,I25=INT(I25)),FALSE())),"実績記録確認日は時刻なしで必須",IF(OR(I25<予測比較!$H$3,I25>予測比較!$B$4),"対象終了日≦実績確認日≦実績基準日を確認",IF(AND(OR(F25="受注",F25="失注"),OR(H25<=予測比較!$B$3,H25>I25)),"予測基準日＜決着日≦実績確認日を確認","確認済み"))))))))))))))))),ISNUMBER(O25),O25=IF(N25="確認済み",0,1))),1,IF(O25<>0,0,IF(AND(ISNUMBER(J25),J25=IF(AND(D25>=予測比較!$E$3,D25<=予測比較!$H$3),1,0),IF(J25=1,ISNUMBER(K25),ISTEXT(K25)),K25=IF(J25=1,ROUND(B25*C25/100,0),""),IF(AND(J25=1,F25<>"未確認"),ISNUMBER(L25),ISTEXT(L25)),L25=IF(J25<>1,"",IF(F25="未確認","",IF(AND(F25="受注",H25>=予測比較!$E$3,H25<=予測比較!$H$3),G25,0))),IF(AND(J25=1,F25<>"未確認"),ISNUMBER(M25),ISTEXT(M25)),M25=IF(J25<>1,"",IF(F25="未確認","",L25-K25))),0,1)))) -> 0
J26: =IF(N26="","",IF(O26<>0,NA(),IF(AND(D26>=予測比較!$E$3,D26<=予測比較!$H$3),1,0))) | K26: =IF(N26="","",IF(O26<>0,NA(),IF(J26=1,ROUND(B26*C26/100,0),""))) | L26: =IF(N26="","",IF(O26<>0,NA(),IF(J26<>1,"",IF(F26="未確認","",IF(AND(F26="受注",H26>=予測比較!$E$3,H26<=予測比較!$H$3),G26,0))))) | M26: =IF(N26="","",IF(O26<>0,NA(),IF(J26<>1,"",IF(F26="未確認","",L26-K26)))) | N26: =IF(COUNTA(A26:I26)=0,"",IF(NOT(AND(ISTEXT(A26),LEN(A26)=8,EXACT(LEFT(A26,4),"OPP-"),ISNUMBER(FIND(MID(A26,5,1)&"x","0x1x2x3x4x5x6x7x8x9x")),ISNUMBER(FIND(MID(A26,6,1)&"x","0x1x2x3x4x5x6x7x8x9x")),ISNUMBER(FIND(MID(A26,7,1)&"x","0x1x2x3x4x5x6x7x8x9x")),ISNUMBER(FIND(MID(A26,8,1)&"x","0x1x2x3x4x5x6x7x8x9x")))),"案件IDはOPP-と半角数字4桁",IF(COUNTIFS($A$8:$A$57,A26)>1,"案件IDが重複",IF(NOT(IF(ISNUMBER(B26),AND(B26>=0,B26<=1000000000,B26=INT(B26)),FALSE())),"元の見込額は0〜10億円の整数で必須",IF(NOT(IF(ISNUMBER(C26),AND(C26>=0,C26<=100,C26=INT(C26)),FALSE())),"元の確度は0〜100の整数で必須",IF(NOT(IF(ISNUMBER(D26),AND(D26>=43831,D26<73051,D26=INT(D26)),FALSE())),"元の予定日は時刻なしで必須",IF(NOT(IF(ISNUMBER(E26),AND(E26>=43831,E26<73051,E26=INT(E26)),FALSE())),"予測記録確認日は時刻なしで必須",IF(E26>予測比較!$B$3,"予測記録確認日が予測基準日より後",IF(D26<=予測比較!$B$3,"元の予定日は予測基準日より後",IF(NOT(OR(F26="受注",F26="失注",F26="継続",F26="未確認")),"実績区分を確認",IF(AND(F26="受注",NOT(IF(ISNUMBER(G26),AND(G26>=0,G26<=1000000000,G26=INT(G26)),FALSE()))),"受注額は0〜10億円の整数で必須",IF(AND(F26<>"受注",COUNTA(G26)>0),"受注以外は受注額を空欄",IF(AND(OR(F26="受注",F26="失注"),NOT(IF(ISNUMBER(H26),AND(H26>=43831,H26<73051,H26=INT(H26)),FALSE()))),"受注/失注は決着日が必須",IF(AND(NOT(OR(F26="受注",F26="失注")),COUNTA(H26)>0),"継続/未確認の決着日は空欄",IF(NOT(IF(ISNUMBER(I26),AND(I26>=43831,I26<73051,I26=INT(I26)),FALSE())),"実績記録確認日は時刻なしで必須",IF(OR(I26<予測比較!$H$3,I26>予測比較!$B$4),"対象終了日≦実績確認日≦実績基準日を確認",IF(AND(OR(F26="受注",F26="失注"),OR(H26<=予測比較!$B$3,H26>I26)),"予測基準日＜決着日≦実績確認日を確認","確認済み"))))))))))))))))) | O26: =IF(N26="","",IF(N26="確認済み",0,1)) | P26: =IF(COUNTA(A26:I26)=0,IF(AND(N26="",O26="",J26="",K26="",L26="",M26=""),0,1),IF(NOT(AND(ISTEXT(N26),N26=IF(COUNTA(A26:I26)=0,"",IF(NOT(AND(ISTEXT(A26),LEN(A26)=8,EXACT(LEFT(A26,4),"OPP-"),ISNUMBER(FIND(MID(A26,5,1)&"x","0x1x2x3x4x5x6x7x8x9x")),ISNUMBER(FIND(MID(A26,6,1)&"x","0x1x2x3x4x5x6x7x8x9x")),ISNUMBER(FIND(MID(A26,7,1)&"x","0x1x2x3x4x5x6x7x8x9x")),ISNUMBER(FIND(MID(A26,8,1)&"x","0x1x2x3x4x5x6x7x8x9x")))),"案件IDはOPP-と半角数字4桁",IF(COUNTIFS($A$8:$A$57,A26)>1,"案件IDが重複",IF(NOT(IF(ISNUMBER(B26),AND(B26>=0,B26<=1000000000,B26=INT(B26)),FALSE())),"元の見込額は0〜10億円の整数で必須",IF(NOT(IF(ISNUMBER(C26),AND(C26>=0,C26<=100,C26=INT(C26)),FALSE())),"元の確度は0〜100の整数で必須",IF(NOT(IF(ISNUMBER(D26),AND(D26>=43831,D26<73051,D26=INT(D26)),FALSE())),"元の予定日は時刻なしで必須",IF(NOT(IF(ISNUMBER(E26),AND(E26>=43831,E26<73051,E26=INT(E26)),FALSE())),"予測記録確認日は時刻なしで必須",IF(E26>予測比較!$B$3,"予測記録確認日が予測基準日より後",IF(D26<=予測比較!$B$3,"元の予定日は予測基準日より後",IF(NOT(OR(F26="受注",F26="失注",F26="継続",F26="未確認")),"実績区分を確認",IF(AND(F26="受注",NOT(IF(ISNUMBER(G26),AND(G26>=0,G26<=1000000000,G26=INT(G26)),FALSE()))),"受注額は0〜10億円の整数で必須",IF(AND(F26<>"受注",COUNTA(G26)>0),"受注以外は受注額を空欄",IF(AND(OR(F26="受注",F26="失注"),NOT(IF(ISNUMBER(H26),AND(H26>=43831,H26<73051,H26=INT(H26)),FALSE()))),"受注/失注は決着日が必須",IF(AND(NOT(OR(F26="受注",F26="失注")),COUNTA(H26)>0),"継続/未確認の決着日は空欄",IF(NOT(IF(ISNUMBER(I26),AND(I26>=43831,I26<73051,I26=INT(I26)),FALSE())),"実績記録確認日は時刻なしで必須",IF(OR(I26<予測比較!$H$3,I26>予測比較!$B$4),"対象終了日≦実績確認日≦実績基準日を確認",IF(AND(OR(F26="受注",F26="失注"),OR(H26<=予測比較!$B$3,H26>I26)),"予測基準日＜決着日≦実績確認日を確認","確認済み"))))))))))))))))),ISNUMBER(O26),O26=IF(N26="確認済み",0,1))),1,IF(O26<>0,0,IF(AND(ISNUMBER(J26),J26=IF(AND(D26>=予測比較!$E$3,D26<=予測比較!$H$3),1,0),IF(J26=1,ISNUMBER(K26),ISTEXT(K26)),K26=IF(J26=1,ROUND(B26*C26/100,0),""),IF(AND(J26=1,F26<>"未確認"),ISNUMBER(L26),ISTEXT(L26)),L26=IF(J26<>1,"",IF(F26="未確認","",IF(AND(F26="受注",H26>=予測比較!$E$3,H26<=予測比較!$H$3),G26,0))),IF(AND(J26=1,F26<>"未確認"),ISNUMBER(M26),ISTEXT(M26)),M26=IF(J26<>1,"",IF(F26="未確認","",L26-K26))),0,1)))) -> 0
J27: =IF(N27="","",IF(O27<>0,NA(),IF(AND(D27>=予測比較!$E$3,D27<=予測比較!$H$3),1,0))) | K27: =IF(N27="","",IF(O27<>0,NA(),IF(J27=1,ROUND(B27*C27/100,0),""))) | L27: =IF(N27="","",IF(O27<>0,NA(),IF(J27<>1,"",IF(F27="未確認","",IF(AND(F27="受注",H27>=予測比較!$E$3,H27<=予測比較!$H$3),G27,0))))) | M27: =IF(N27="","",IF(O27<>0,NA(),IF(J27<>1,"",IF(F27="未確認","",L27-K27)))) | N27: =IF(COUNTA(A27:I27)=0,"",IF(NOT(AND(ISTEXT(A27),LEN(A27)=8,EXACT(LEFT(A27,4),"OPP-"),ISNUMBER(FIND(MID(A27,5,1)&"x","0x1x2x3x4x5x6x7x8x9x")),ISNUMBER(FIND(MID(A27,6,1)&"x","0x1x2x3x4x5x6x7x8x9x")),ISNUMBER(FIND(MID(A27,7,1)&"x","0x1x2x3x4x5x6x7x8x9x")),ISNUMBER(FIND(MID(A27,8,1)&"x","0x1x2x3x4x5x6x7x8x9x")))),"案件IDはOPP-と半角数字4桁",IF(COUNTIFS($A$8:$A$57,A27)>1,"案件IDが重複",IF(NOT(IF(ISNUMBER(B27),AND(B27>=0,B27<=1000000000,B27=INT(B27)),FALSE())),"元の見込額は0〜10億円の整数で必須",IF(NOT(IF(ISNUMBER(C27),AND(C27>=0,C27<=100,C27=INT(C27)),FALSE())),"元の確度は0〜100の整数で必須",IF(NOT(IF(ISNUMBER(D27),AND(D27>=43831,D27<73051,D27=INT(D27)),FALSE())),"元の予定日は時刻なしで必須",IF(NOT(IF(ISNUMBER(E27),AND(E27>=43831,E27<73051,E27=INT(E27)),FALSE())),"予測記録確認日は時刻なしで必須",IF(E27>予測比較!$B$3,"予測記録確認日が予測基準日より後",IF(D27<=予測比較!$B$3,"元の予定日は予測基準日より後",IF(NOT(OR(F27="受注",F27="失注",F27="継続",F27="未確認")),"実績区分を確認",IF(AND(F27="受注",NOT(IF(ISNUMBER(G27),AND(G27>=0,G27<=1000000000,G27=INT(G27)),FALSE()))),"受注額は0〜10億円の整数で必須",IF(AND(F27<>"受注",COUNTA(G27)>0),"受注以外は受注額を空欄",IF(AND(OR(F27="受注",F27="失注"),NOT(IF(ISNUMBER(H27),AND(H27>=43831,H27<73051,H27=INT(H27)),FALSE()))),"受注/失注は決着日が必須",IF(AND(NOT(OR(F27="受注",F27="失注")),COUNTA(H27)>0),"継続/未確認の決着日は空欄",IF(NOT(IF(ISNUMBER(I27),AND(I27>=43831,I27<73051,I27=INT(I27)),FALSE())),"実績記録確認日は時刻なしで必須",IF(OR(I27<予測比較!$H$3,I27>予測比較!$B$4),"対象終了日≦実績確認日≦実績基準日を確認",IF(AND(OR(F27="受注",F27="失注"),OR(H27<=予測比較!$B$3,H27>I27)),"予測基準日＜決着日≦実績確認日を確認","確認済み"))))))))))))))))) | O27: =IF(N27="","",IF(N27="確認済み",0,1)) | P27: =IF(COUNTA(A27:I27)=0,IF(AND(N27="",O27="",J27="",K27="",L27="",M27=""),0,1),IF(NOT(AND(ISTEXT(N27),N27=IF(COUNTA(A27:I27)=0,"",IF(NOT(AND(ISTEXT(A27),LEN(A27)=8,EXACT(LEFT(A27,4),"OPP-"),ISNUMBER(FIND(MID(A27,5,1)&"x","0x1x2x3x4x5x6x7x8x9x")),ISNUMBER(FIND(MID(A27,6,1)&"x","0x1x2x3x4x5x6x7x8x9x")),ISNUMBER(FIND(MID(A27,7,1)&"x","0x1x2x3x4x5x6x7x8x9x")),ISNUMBER(FIND(MID(A27,8,1)&"x","0x1x2x3x4x5x6x7x8x9x")))),"案件IDはOPP-と半角数字4桁",IF(COUNTIFS($A$8:$A$57,A27)>1,"案件IDが重複",IF(NOT(IF(ISNUMBER(B27),AND(B27>=0,B27<=1000000000,B27=INT(B27)),FALSE())),"元の見込額は0〜10億円の整数で必須",IF(NOT(IF(ISNUMBER(C27),AND(C27>=0,C27<=100,C27=INT(C27)),FALSE())),"元の確度は0〜100の整数で必須",IF(NOT(IF(ISNUMBER(D27),AND(D27>=43831,D27<73051,D27=INT(D27)),FALSE())),"元の予定日は時刻なしで必須",IF(NOT(IF(ISNUMBER(E27),AND(E27>=43831,E27<73051,E27=INT(E27)),FALSE())),"予測記録確認日は時刻なしで必須",IF(E27>予測比較!$B$3,"予測記録確認日が予測基準日より後",IF(D27<=予測比較!$B$3,"元の予定日は予測基準日より後",IF(NOT(OR(F27="受注",F27="失注",F27="継続",F27="未確認")),"実績区分を確認",IF(AND(F27="受注",NOT(IF(ISNUMBER(G27),AND(G27>=0,G27<=1000000000,G27=INT(G27)),FALSE()))),"受注額は0〜10億円の整数で必須",IF(AND(F27<>"受注",COUNTA(G27)>0),"受注以外は受注額を空欄",IF(AND(OR(F27="受注",F27="失注"),NOT(IF(ISNUMBER(H27),AND(H27>=43831,H27<73051,H27=INT(H27)),FALSE()))),"受注/失注は決着日が必須",IF(AND(NOT(OR(F27="受注",F27="失注")),COUNTA(H27)>0),"継続/未確認の決着日は空欄",IF(NOT(IF(ISNUMBER(I27),AND(I27>=43831,I27<73051,I27=INT(I27)),FALSE())),"実績記録確認日は時刻なしで必須",IF(OR(I27<予測比較!$H$3,I27>予測比較!$B$4),"対象終了日≦実績確認日≦実績基準日を確認",IF(AND(OR(F27="受注",F27="失注"),OR(H27<=予測比較!$B$3,H27>I27)),"予測基準日＜決着日≦実績確認日を確認","確認済み"))))))))))))))))),ISNUMBER(O27),O27=IF(N27="確認済み",0,1))),1,IF(O27<>0,0,IF(AND(ISNUMBER(J27),J27=IF(AND(D27>=予測比較!$E$3,D27<=予測比較!$H$3),1,0),IF(J27=1,ISNUMBER(K27),ISTEXT(K27)),K27=IF(J27=1,ROUND(B27*C27/100,0),""),IF(AND(J27=1,F27<>"未確認"),ISNUMBER(L27),ISTEXT(L27)),L27=IF(J27<>1,"",IF(F27="未確認","",IF(AND(F27="受注",H27>=予測比較!$E$3,H27<=予測比較!$H$3),G27,0))),IF(AND(J27=1,F27<>"未確認"),ISNUMBER(M27),ISTEXT(M27)),M27=IF(J27<>1,"",IF(F27="未確認","",L27-K27))),0,1)))) -> 0
... J57: =IF(N57="","",IF(O57<>0,NA(),IF(AND(D57>=予測比較!$E$3,D57<=予測比較!$H$3),1,0))) | K57: =IF(N57="","",IF(O57<>0,NA(),IF(J57=1,ROUND(B57*C57/100,0),""))) | L57: =IF(N57="","",IF(O57<>0,NA(),IF(J57<>1,"",IF(F57="未確認","",IF(AND(F57="受注",H57>=予測比較!$E$3,H57<=予測比較!$H$3),G57,0))))) | M57: =IF(N57="","",IF(O57<>0,NA(),IF(J57<>1,"",IF(F57="未確認","",L57-K57)))) | N57: =IF(COUNTA(A57:I57)=0,"",IF(NOT(AND(ISTEXT(A57),LEN(A57)=8,EXACT(LEFT(A57,4),"OPP-"),ISNUMBER(FIND(MID(A57,5,1)&"x","0x1x2x3x4x5x6x7x8x9x")),ISNUMBER(FIND(MID(A57,6,1)&"x","0x1x2x3x4x5x6x7x8x9x")),ISNUMBER(FIND(MID(A57,7,1)&"x","0x1x2x3x4x5x6x7x8x9x")),ISNUMBER(FIND(MID(A57,8,1)&"x","0x1x2x3x4x5x6x7x8x9x")))),"案件IDはOPP-と半角数字4桁",IF(COUNTIFS($A$8:$A$57,A57)>1,"案件IDが重複",IF(NOT(IF(ISNUMBER(B57),AND(B57>=0,B57<=1000000000,B57=INT(B57)),FALSE())),"元の見込額は0〜10億円の整数で必須",IF(NOT(IF(ISNUMBER(C57),AND(C57>=0,C57<=100,C57=INT(C57)),FALSE())),"元の確度は0〜100の整数で必須",IF(NOT(IF(ISNUMBER(D57),AND(D57>=43831,D57<73051,D57=INT(D57)),FALSE())),"元の予定日は時刻なしで必須",IF(NOT(IF(ISNUMBER(E57),AND(E57>=43831,E57<73051,E57=INT(E57)),FALSE())),"予測記録確認日は時刻なしで必須",IF(E57>予測比較!$B$3,"予測記録確認日が予測基準日より後",IF(D57<=予測比較!$B$3,"元の予定日は予測基準日より後",IF(NOT(OR(F57="受注",F57="失注",F57="継続",F57="未確認")),"実績区分を確認",IF(AND(F57="受注",NOT(IF(ISNUMBER(G57),AND(G57>=0,G57<=1000000000,G57=INT(G57)),FALSE()))),"受注額は0〜10億円の整数で必須",IF(AND(F57<>"受注",COUNTA(G57)>0),"受注以外は受注額を空欄",IF(AND(OR(F57="受注",F57="失注"),NOT(IF(ISNUMBER(H57),AND(H57>=43831,H57<73051,H57=INT(H57)),FALSE()))),"受注/失注は決着日が必須",IF(AND(NOT(OR(F57="受注",F57="失注")),COUNTA(H57)>0),"継続/未確認の決着日は空欄",IF(NOT(IF(ISNUMBER(I57),AND(I57>=43831,I57<73051,I57=INT(I57)),FALSE())),"実績記録確認日は時刻なしで必須",IF(OR(I57<予測比較!$H$3,I57>予測比較!$B$4),"対象終了日≦実績確認日≦実績基準日を確認",IF(AND(OR(F57="受注",F57="失注"),OR(H57<=予測比較!$B$3,H57>I57)),"予測基準日＜決着日≦実績確認日を確認","確認済み"))))))))))))))))) | O57: =IF(N57="","",IF(N57="確認済み",0,1)) | P57: =IF(COUNTA(A57:I57)=0,IF(AND(N57="",O57="",J57="",K57="",L57="",M57=""),0,1),IF(NOT(AND(ISTEXT(N57),N57=IF(COUNTA(A57:I57)=0,"",IF(NOT(AND(ISTEXT(A57),LEN(A57)=8,EXACT(LEFT(A57,4),"OPP-"),ISNUMBER(FIND(MID(A57,5,1)&"x","0x1x2x3x4x5x6x7x8x9x")),ISNUMBER(FIND(MID(A57,6,1)&"x","0x1x2x3x4x5x6x7x8x9x")),ISNUMBER(FIND(MID(A57,7,1)&"x","0x1x2x3x4x5x6x7x8x9x")),ISNUMBER(FIND(MID(A57,8,1)&"x","0x1x2x3x4x5x6x7x8x9x")))),"案件IDはOPP-と半角数字4桁",IF(COUNTIFS($A$8:$A$57,A57)>1,"案件IDが重複",IF(NOT(IF(ISNUMBER(B57),AND(B57>=0,B57<=1000000000,B57=INT(B57)),FALSE())),"元の見込額は0〜10億円の整数で必須",IF(NOT(IF(ISNUMBER(C57),AND(C57>=0,C57<=100,C57=INT(C57)),FALSE())),"元の確度は0〜100の整数で必須",IF(NOT(IF(ISNUMBER(D57),AND(D57>=43831,D57<73051,D57=INT(D57)),FALSE())),"元の予定日は時刻なしで必須",IF(NOT(IF(ISNUMBER(E57),AND(E57>=43831,E57<73051,E57=INT(E57)),FALSE())),"予測記録確認日は時刻なしで必須",IF(E57>予測比較!$B$3,"予測記録確認日が予測基準日より後",IF(D57<=予測比較!$B$3,"元の予定日は予測基準日より後",IF(NOT(OR(F57="受注",F57="失注",F57="継続",F57="未確認")),"実績区分を確認",IF(AND(F57="受注",NOT(IF(ISNUMBER(G57),AND(G57>=0,G57<=1000000000,G57=INT(G57)),FALSE()))),"受注額は0〜10億円の整数で必須",IF(AND(F57<>"受注",COUNTA(G57)>0),"受注以外は受注額を空欄",IF(AND(OR(F57="受注",F57="失注"),NOT(IF(ISNUMBER(H57),AND(H57>=43831,H57<73051,H57=INT(H57)),FALSE()))),"受注/失注は決着日が必須",IF(AND(NOT(OR(F57="受注",F57="失注")),COUNTA(H57)>0),"継続/未確認の決着日は空欄",IF(NOT(IF(ISNUMBER(I57),AND(I57>=43831,I57<73051,I57=INT(I57)),FALSE())),"実績記録確認日は時刻なしで必須",IF(OR(I57<予測比較!$H$3,I57>予測比較!$B$4),"対象終了日≦実績確認日≦実績基準日を確認",IF(AND(OR(F57="受注",F57="失注"),OR(H57<=予測比較!$B$3,H57>I57)),"予測基準日＜決着日≦実績確認日を確認","確認済み"))))))))))))))))),ISNUMBER(O57),O57=IF(N57="確認済み",0,1))),1,IF(O57<>0,0,IF(AND(ISNUMBER(J57),J57=IF(AND(D57>=予測比較!$E$3,D57<=予測比較!$H$3),1,0),IF(J57=1,ISNUMBER(K57),ISTEXT(K57)),K57=IF(J57=1,ROUND(B57*C57/100,0),""),IF(AND(J57=1,F57<>"未確認"),ISNUMBER(L57),ISTEXT(L57)),L57=IF(J57<>1,"",IF(F57="未確認","",IF(AND(F57="受注",H57>=予測比較!$E$3,H57<=予測比較!$H$3),G57,0))),IF(AND(J57=1,F57<>"未確認"),ISNUMBER(M57),ISTEXT(M57)),M57=IF(J57<>1,"",IF(F57="未確認","",L57-K57))),0,1)))) -> 0
A61: 架空教材。50案件。予測基準日＜対象開始日≦対象終了日≦実績基準日。全日付2020〜2099年。
A62: A〜Eは当時の保存記録から入力。F〜Iへ後日の実績。過去の予測を結果に合わせて書き換えません。
A63: 対象案件は元の予定日が期間内の案件に固定。予定外から入った受注は比較対象へ足しません。
A64: 加重予測は見込額×整数確度÷100を案件ごとに四捨五入し合計。50%は50、0と未確認は別です。
A65: 元の予定日≦予測基準日の滞留案件は対象外の設計です。別の期や滞留案件は新しい管理単位へ。
A66: 受注/失注は予測基準日より後の決着日が必要。継続/未確認の決着日、受注以外の受注額は空欄。
A67: 期間内受注は対象案件かつ決着日が期間内の確認済み額。期間外受注・失注・継続は0円。
A68: 未確認の実績は0円へ埋めず差額を保留。期間内受注は確認済みの小計。予測と実績を足しません。
A69: 差額は実績−加重予測。負数は予測未達で、成功率/誤差率や成約確率の統計的検証ではありません。
A70: 受注額は売上計上/請求/入金ではありません。会計/税務、CRM同期、任意ファイル取込は扱いません。
A71: 予測比較だけ印刷。初期A1:I17、50件A1:I59。版1/CC0 https://creativecommons.org/publicdomain/zero/1.0/
A72: 一次情報確認2026-10-16 https://support.microsoft.com/en-us/excel/functions/sumifs-function
A73: https://support.microsoft.com/en-us/excel/functions/countifs-function https://support.microsoft.com/en-us/excel/functions/round-function
